 Dungeon Crawl Stone Soup version 0.27.1-1-g398f81649c (webtiles) character file.

Game seed: 10862200367078992301

630005 MisterFreud the Executioner (level 27, 0/240 HPs)
             Began as a Gnoll Fighter on Sept 6, 2021.
             Was a Favourite Plaything of Xom.
             Slain by an Orb Guardian (27 damage)
             ... on level 5 of the Realm of Zot.
             The game lasted 03:34:08 (78429 turns).

MisterFreud the Executioner (Gnoll Fighter)        Turns: 78429, Time: 03:34:09

Health: 0/240      AC: 28    Str: 27    XL:     27
Magic:  0/49       EV: 21    Int: 18    God:    Xom [.*....]
Gold:   3240       SH: 21    Dex: 16    Spells: 4/61 levels left

rFire    + . .     SeeInvis .   u - +9 demon blade (elec)
rCold    + . .     Faith    .   l - +5 kite shield {reflect}
rNeg     + + +     Spirit   +   R - quicksilver dragon scales
rPois    +         Reflect  +   B - -2 hat of the Alchemist {rElec rPois rF+ rC+ rN+ Will+ rMut rCorr}
rElec    +         Harm     .   P - +2 cloak
rCorr    +         Rampage  .   G - +3 pair of gauntlets of War {Slay+5}
rMut     +         Rnd*Tele +   S - +2 pair of boots of the Dwarven Hall {Str+3 Dex+4}
Will     ++++.                  Q - amulet of guardian spirit
Stlth    +++.......             H - ring "Dufufed" {Wiz rN+++ Str+3 Dex-4 Slay+2}
HPRegen  0.50/turn              F - ring of Divine Intervention {*Slow rCorr AC+4 Str+3}
MPRegen  0.31/turn

@: sluggish, hasted and slowed, studying 2 skills, very slow
A: fangs 1, strong nose, distributed training, talons 1, iridescent scales 1,
thin skeletal structure 1, deformed body, deterioration 1, high mp 1, robust 1,
strong 1, teleportitis 1, evolution 2
0: Orb of Zot
}: 3/15 runes: decaying, abyssal, gossamer
a: Renounce Religion


You were on level 5 of the Realm of Zot.
You worshipped Xom.
You were a plaything of Xom.
You visited 9 branches of the dungeon, and saw 49 of its levels.
You visited the Abyss 2 times.

You collected 7862 gold pieces.
You spent 4622 gold pieces at shops.

Inventory:

Hand Weapons
 u - a +9 demon blade of electrocution (weapon)
Missiles
 b - 34 boomerangs
 n - 21 javelins
 p - 12 silver boomerangs (quivered)
 s - 4 throwing nets
Armour
 l - a +5 kite shield of reflection (worn)
 v - a +2 helmet of see invisible
 B - the -2 hat of the Alchemist (worn) {rElec rPois rF+ rC+ rN+ Will+ rMut rCorr}
   (You found it on level 2 of the Swamp)

   rF:        It protects you from fire.
   rC:        It protects you from cold.
   rElec:     It insulates you from electricity.
   rPois:     It protects you from poison.
   rN:        It protects you from negative energy.
   rCorr:     It protects you from acid and corrosion.
   rMut:      It protects you from mutation.
   Will:      It increases your willpower.
 G - the +3 pair of gauntlets of War (worn) {Slay+5}
   (You acquired it on level 5 of the Lair of Beasts)

   Slay:      It affects your accuracy & damage with ranged weapons and melee
   (+5).
 P - a +2 cloak (worn)
 R - quicksilver dragon scales (worn)
 S - the +2 pair of boots of the Dwarven Hall (worn) {Str+3 Dex+4}
   (You found it on level 11 of the Dungeon)

   Str:       It affects your strength (+3).
   Dex:       It affects your dexterity (+4).
Jewellery
 F - the ring of Divine Intervention (right hand) {*Slow rCorr AC+4 Str+3}
   (Xom gifted it to you on level 7 of the Dungeon)

   [ring of protection]

   AC:        It affects your AC (+4).
   Str:       It affects your strength (+3).
   rCorr:     It protects you from acid and corrosion.
   *Slow:     It may slow you when you take damage.
 H - the ring "Dufufed" (left hand) {Wiz rN+++ Str+3 Dex-4 Slay+2}
   (You found it on level 7 of the Dungeon)

   [ring of wizardry]

   It improves your spell success rate.
   Str:       It affects your strength (+3).
   Dex:       It affects your dexterity (-4).
   Slay:      It affects your accuracy & damage with ranged weapons and melee
   (+2).
   rN:        It renders you almost immune to negative energy.
 Q - an amulet of guardian spirit (around neck)
 T - the ring "Racifim" {Str+3 Slay+4}
   (You took it off a deep elf death mage on level 3 of the Elven Halls)

   [ring of slaying]

   Str:       It affects your strength (+3).
   Slay:      It affects your accuracy & damage with ranged weapons and melee
   (+4).
Wands
 x - a wand of acid (18)
 y - a wand of charming (34)
 A - a wand of polymorph (19)
 I - a wand of mindburst (19)
 L - a wand of paralysis (31)
 N - a wand of iceblast (41)
 U - a wand of digging (4)
Scrolls
 e - 17 scrolls of teleportation
 h - 7 scrolls of fog
 k - 14 scrolls of fear
 o - 9 scrolls of amnesia
 C - 2 scrolls of summoning
 E - 2 scrolls of enchant armour
 J - 3 scrolls of holy word
 O - a scroll of blinking
Potions
 a - 3 potions of haste
 c - 5 potions of flight
 d - 7 potions of might
 j - 4 potions of resistance
 m - 2 potions of cancellation
 q - 10 potions of curing
 r - 11 potions of brilliance
 t - 2 potions of berserk rage
 z - 2 potions of invisibility
 X - 8 potions of ambrosia
 Z - 3 potions of magic
Miscellaneous
 f - a phial of floods
 i - a piece from Xom's chessboard (15/15)
 D - a phantom mirror
 K - a lightning rod (4/4)
 M - a condenser vane
 V - a box of beasts (inert)
 Y - a tin of tremorstones (2/2)


   Skills:
 + Level 18.7 Fighting
 + Level 18.3 Short Blades
 + Level 19.3 Long Blades
 + Level 23.4 Axes
 + Level 17.9 Maces & Flails
 + Level 17.9 Polearms
 + Level 17.9 Staves
 + Level 17.9 Slings
 + Level 17.9 Bows
 + Level 17.9 Crossbows
 + Level 17.9 Throwing
 + Level 18.7 Armour
 + Level 17.9 Dodging
 + Level 17.9 Stealth
 + Level 18.7 Shields
 + Level 17.9 Unarmed Combat
 + Level 17.9 Spellcasting
 + Level 15.4 Conjurations
 + Level 15.4 Hexes
 + Level 15.4 Summonings
 + Level 15.4 Necromancy
 + Level 15.4 Translocations
 + Level 15.4 Transmutations
 + Level 15.4 Fire Magic
 + Level 15.4 Ice Magic
 + Level 15.4 Air Magic
 + Level 15.4 Earth Magic
 + Level 15.4 Poison Magic
 + Level 19.2 Invocations
 + Level 17.9 Evocations


You had 4 spell levels left.
You knew the following spells:

 Your Spells              Type           Power      Damage    Failure   Level
a - Mephitic Cloud        Conj/Pois/Air  64%        N/A       0%          3
b - Swiftness             Air            64%        N/A       0%          3
c - Tukima's Dance        Hex            64%        N/A       0%          3
d - Irradiate             Conj/Tmut      32%        3d24      1%          5
e - Silence               Hex/Air        32%        N/A       1%          5
f - Invisibility          Hex            32%        N/A       1%          6
g - Summon Lightning Spi  Summ/Air       64%        N/A       1%          4
h - Lee's Rapid Deconstr  Erth           32%        3d17*     1%          5
i - Statue Form           Tmut/Erth      42%        N/A       1%          6
j - Lehudib's Crystal Sp  Conj/Erth      32%        10d8      21%         8
k - Spellforged Servitor  Conj/Summ      32%        N/A       2%          7
l - Blink                 Tloc           N/A        N/A       0%          2

Your spell library contained the following spells:

 Spells                   Type           Power      Damage    Failure   Level
 Animate Skeleton         Necr           100%       N/A       0%          1
 Apportation              Tloc           100%       N/A       0%          1
 Corona                   Hex            71%        N/A       0%          1
 Magic Dart               Conj           100%       1d8       0%          1
 Pain                     Necr           100%       1d9       0%          1
 Sandblast                Erth           100%       2d20      0%          1
 Shock                    Conj/Air       100%       1d9       0%          1
 Summon Small Mammal      Summ           100%       N/A       0%          1
 Call Imp                 Summ           64%        N/A       0%          2
 Ensorcelled Hibernation  Hex/Ice        100%       N/A       0%          2
 Passwall                 Tmut/Erth      53%        N/A       0%          2
 Searing Ray              Conj           100%       3d7       0%          2
 Slow                     Hex            64%        N/A       0%          2
 Static Discharge         Conj/Air       64%        N/A       0%          2
 Call Canine Familiar     Summ           64%        N/A       0%          3
 Confusing Touch          Hex            64%        N/A       0%          3
 Dazzling Flash           Conj/Hex       100%       N/A       0%          3
 Gell's Gravitas          Tloc           32%        N/A       0%          3
 Ignite Poison            Fire/Tmut/Pois 64%        N/A       0%          3
 Inner Flame              Hex/Fire       64%        N/A       0%          3
 Lesser Beckoning         Tloc           32%        N/A       0%          3
 Portal Projectile        Hex/Tloc       100%       N/A       0%          3
 Stone Arrow              Conj/Erth      100%       3d13      0%          3
 Summon Guardian Golem    Hex/Summ       64%        N/A       0%          3
 Teleport Other           Tloc           64%        N/A       0%          3
 Vampiric Draining        Necr           32%        2d10      0%          3
 Airstrike                Air            32%        N/A       1%          4
 Animate Armour           Summ/Erth      100%       N/A       1%          4
 Animate Dead             Necr           32%        N/A       1%          4
 Cause Fear               Hex            32%        N/A       1%          4
 Fulminant Prism          Conj/Hex       32%        3d16      1%          4
 Iskenderun's Mystic Bla  Conj/Tloc      64%        2d13      1%          4
 Leda's Liquefaction      Hex/Erth       32%        N/A       1%          4
 Olgreb's Toxic Radiance  Pois           64%        N/A       1%          4
 Passage of Golubria      Tloc           N/A        N/A       1%          4
 Petrify                  Tmut/Erth      64%        N/A       1%          4
 Sticky Flame             Conj/Fire      64%        2d8       1%          4
 Summon Ice Beast         Ice/Summ       64%        N/A       1%          4
 Agony                    Necr           64%        N/A       1%          5
 Blade Hands              Tmut           32%        N/A       1%          5
 Bolt of Magma            Conj/Fire/Erth 32%        4d14      1%          5
 Excruciating Wounds      Necr           32%        N/A       1%          5
 Fireball                 Conj/Fire      32%        3d14      1%          5
 Freezing Cloud           Conj/Ice/Air   32%        6-21      1%          5
 Iskenderun's Battlesphe  Conj           64%        2d11      1%          5
 Lightning Bolt           Conj/Air       32%        1d49      1%          5
 Manifold Assault         Tloc           64%        N/A       1%          5
 Summon Forest            Summ/Tloc      32%        N/A       1%          5
 Summon Mana Viper        Hex/Summ       64%        N/A       1%          5
 Yara's Violent Unravell  Hex/Tmut       32%        3d13      1%          5
 Conjure Ball Lightning   Conj/Air       32%        3x3d10    1%          6
 Dispersal                Tloc           32%        N/A       1%          6
 Eringya's Noxious Bog    Tmut/Pois      32%        N/A       1%          6
 Starburst                Conj/Fire      32%        6d10      1%          6
 Dragon Form              Tmut           32%        N/A       2%          7
 Haunt                    Necr/Summ      32%        N/A       2%          7
 Monstrous Menagerie      Summ           32%        N/A       2%          7
 Orb of Destruction       Conj           32%        9d12      2%          7
 Storm Form               Tmut/Air       32%        N/A       2%          7
 Summon Hydra             Summ           32%        N/A       2%          7
 Discord                  Hex            32%        N/A       21%         8
 Disjunction              Tloc           32%        N/A       21%         8
 Infestation              Necr           32%        N/A       21%         8
 Maxwell's Capacitive Co  Air            32%        ∞         21%         8
 Fire Storm               Conj/Fire      32%        8d8       95%         9
 Shatter                  Erth           32%        3d26*     95%         9


Dungeon Overview and Level Annotations

Branches:
Dungeon (15/15)            Temple (0/1) D:6            Lair (6/6) D:10
  Swamp (4/4) Lair:2       Spider (4/4) Lair:4        Slime (0/5) Lair:6
    Orc (2/2) D:12            Elf (3/3) Orc:2        Vaults (5/5) D:13
  Crypt (0/3) Vaults:3     Depths (5/5) D:15            Zot (5/5) Depths:5

Altars:
Cheibriados
Elyvilon
Fedhas
Gozag
Nemelex Xobeh
Qazlal
Sif Muna
Trog
Wu Jian
Xom
Yredelemnul
Zin
Beogh

Shops:
D:9 (   D:10 [   D:12 ([   Orc:2 :(*[   Elf:3 [[   Vaults:1 ?*   Vaults:2 *
Depths:1 (:   Depths:2 *(*   Depths:4 ::=   Depths:5 *

Portals:
Hell: Depths:1 Depths:2 Depths:3 Depths:4 Depths:5
Abyss: Depths:4
Pandemonium: Depths:3 Depths:5
Ziggurat: Depths:1
Trove: Vaults:4 (give 2 scrolls of acquirement)

Annotations:
Zot:4 3 runed translucent doors, Juzit's ghost, legendary GnFi


Innate Abilities, Weirdness & Mutations

You have very sharp teeth.
Your uncanny sense of smell can sniff out nearby items.
Your experience applies equally to all skills.
You have sharp toenails.
You are partially covered in iridescent scales. (AC +2)
You have a somewhat thin skeletal structure. (Dex +2, Stealth+)
Armour fits poorly on your strangely shaped body.
Your body sometimes deteriorates upon taking damage.
You have an increased reservoir of magic. (+10% MP)
You are robust. (+10% HP)
Your muscles are strong. (Str +2)
You are occasionally teleported next to monsters.
You rapidly evolve.


Message History

The orb of fire glows red.
The bolt of fire hits you!! You resist.
* * * LOW HITPOINT WARNING * * *
The curse toe gestures.
You block the deathcap's attack.
The wandering mushroom releases spores at you but does no damage.
The wandering mushroom closely misses you.
The deathcap releases spores at you!
* * * LOW HITPOINT WARNING * * *
You are engulfed in a cloud of spores!
Really walk into that permanent teleport trap?
You enter a permanent teleport trap!
Your surroundings suddenly seem different.
A moth of wrath and an Orb Guardian come into view.
Found 23 gold pieces.
The dread lich mumbles some strange words.
The dread lich seems to speed up.
The green death hits you but does no damage.
The moth of wrath enters a dispersal trap!
The red draconian blinks!
The green death blinks!
The tormentor blinks!
The green draconian blinks!
The Orb Guardian blinks!
The green death blinks!
The curse toe blinks!
The Orb Guardian blinks!
The Killer Klown blinks!
The Orb Guardian blinks!
The red draconian blinks!
You blink.
The moth of wrath blinks!
The Orb Guardian moves out of view.
Unknown command.
Unknown command.
You feel much better. You block the Orb Guardian's attack.
You block the Killer Klown's attack.
Press: ? - help, v - describe, . - travel A dispersal trap.
There is a cloud of translocational energy here.
Unknown command.
Unknown command.
Unknown command.
Unknown command.
Unknown command.
Unknown command.
The Orb Guardian hits you!!
You die...
Xom roars with laughter!

###...^3......☼.....^.
#▓▓▓▓▓▓▓▓▓▓▓##)..}8▓
▓▓▓▓.....$.........
##▓..................
##.....X...^.......... ▓▓▓▓▓▓▓▓▓
#...§.................
▓▓^.....§▓▓▓^...LX...............
▓......X..▓▓...Xp§..2..^.........
.....^.....▓...X@X...............
......○d.X§.yd...^...............
.....X...X.▓.§.............^.....
▓^^....*..▓▓.......^....°^......,
▓▓.XXXX..▓▓▓............,,,,8,,,,
▓▓▓▓▓▓▓▓▓ ▓.$..........,,,,,,,,,
▓▓...........,,,,,,,,,
▓▓▓.......d.,,,,,,,,,
*▓▓▓...,,,,^,,,,,**


You could see a Killer Klown, a tentacled monstrosity, a dread lich (fast), a
green draconian (wandering), a red draconian, 6 Orb Guardians, a green death
(summoned) and a moth of wrath.

Vanquished Creatures
  2 dread liches
  2 ancient liches (Zot:5)
  2 juggernauts (Depths:4)
  2 orbs of fire (Zot:5)
  2 Killer Klowns (Zot:5)
  3 curse toes
  4 caustic shrikes
  Jory (Vaults:2)
  Nikola (Spider:1)
  10 golden dragons
  the Enchantress (Depths:3)
  A bone dragon (Abyss:3)
  3 electric golems
  13 tentacled monstrosities
  4 liches
  9 Orb Guardians (Zot:5)
  5 quicksilver dragons
  A titan (Zot:2)
  2 deep elf master archers (Elf:3)
  3 deep elf blademasters
  4 tentacled starspawn
  12 death cobs
  An Executioner (Abyss:3)
  5 sphinxes
  6 tengu reavers
  Kirke (Spider:1)
  2 thorn hunters
  8 storm dragons
  5 shadow dragons
  A revenant (Vaults:3)
  4 draconian monks
  2 draconian knights
  11 fire giants
  4 draconian scorchers
  13 frost giants
  7 deep elf sorcerers (Elf:3)
  5 ghost moths
  2 orc warlords
  A balrug (Depths:5)
  Roxanne (Elf:1)
  2 iron dragons (Depths:3)
  Aizul (Depths:3)
  The ghost of Delver the Eclecticist, an adept DECj of Sif Muna (Swamp:2)
  8 emperor scorpions
  A draconian shifter (Zot:2)
  Louise (Spider:2)
  A ghoul (Swamp:2)
  8 vault wardens
  7 deep elf elementalists
  4 spriggan defenders
  A draconian stormcaller (Zot:3)
  2 war gargoyles (Vaults:4)
  A draconian annihilator (Zot:3)
  A caustic shrike skeleton (Depths:2)
  13 ironbound preservers
  6 deep elf demonologists
  18 stone giants
  24 very ugly things
  2 green draconians
  3 vampire knights
  8 black draconians
  A lorocyproca (Abyss:3)
  Azrael (Orc:2)
  6 entropy weavers
  Nessos (Orc:2)
  8 starcursed masses (Abyss:3)
  3 bunyips
  5 purple draconians
  6 spark wasps
  3 dire elephants
  13 red draconians
  6 white draconians
  15 yellow draconians
  8 deep elf annihilators
  8 ettins
  3 eleionomae
  5 deep elf death magi (Elf:3)
  Snorg (Orc:2)
  9 fire dragons
  8 yaktaur captains
  A crystal guardian (Vaults:4)
  2 shambling mangroves (Swamp:4)
  A deep elf high priest (Elf:3)
  Josephine (D:13)
  10 great orbs of eyes
  22 hydras
  10 boulder beetles
  5 ironbound thunderhulks
  10 ice dragons
  6 vault guards
  3 ghost crabs (Swamp:2)
  2 merfolk avatars
  4 rakshasas
  7 peacekeepers
  2 two-headed ogres (shapeshifter)
  9 alligators
  9 deep troll shamans
  7 centaur warriors
  8 ironbound frosthearts
  The ghost of Lordstoney the Spear-Bearer, a novice MiFi of Okawaru (D:10)
  4 spriggan air magi
  12 tengu warriors
  6 two-headed ogres
  29 dancing weapons
  3 death yaks (Lair:6)
  An alligator snapping turtle (shapeshifter) (Depths:5)
  7 deep troll earth magi
  3 orc high priests (Orc:2)
  9 spriggan berserkers
  A vampire mage (Depths:3)
  2 ironbound beastmasters
  15 deep elf knights
  2 thrashing horrors (Abyss:3)
  31 hell knights
  2 wretched stars (Abyss:3)
  A sixfirhy (Abyss:3)
  A goliath frog (Swamp:4)
  11 iron trolls
  A golden dragon zombie (Depths:3)
  An obsidian statue (Zot:5)
  3 spriggan druids
  2 glowing orange brains
  A death drake (Swamp:2)
  A spatial maelstrom (Abyss:3)
  2 sea snakes (Lair:6)
  12 swamp dragons
  16 ironbound convokers
  7 bog bodies
  85 deep trolls
  18 deep elf archers
  8 large abominations (Abyss:3)
  A lindwurm (Lair:6)
  16 wizards
  2 flayed ghosts
  26 deep elf zephyrmancers
  A shadow dragon zombie (Depths:3)
  7 harpies
  5 orc knights
  3 phantasmal warriors
  2 tengu skeletons (Depths:2)
  6 orc sorcerers
  A stone giant zombie (Vaults:1)
  9 orb spiders
  A fire giant zombie (Depths:2)
  13 necromancers
  29 wolf spiders
  6 cyclopes
  A shadow dragon skeleton (Depths:3)
  33 deep elf pyromancers
  58 ugly things
  5 oklob plants
  10 manticores
  A salamander (shapeshifter) (Vaults:4)
  5 will-o-the-wisps
  36 moths of wrath
  A cyclops (shapeshifter) (Vaults:1)
  9 black mambas
  14 elephants
  Joseph (Lair:1)
  A fire giant skeleton (Depths:2)
  A black mamba (shapeshifter) (D:14)
  A stone giant skeleton (Vaults:1)
  2 guardian serpents (Depths:2)
  9 cane toads
  A smoke demon (Abyss:3)
  2 unseen horrors
  16 vault sentinels
  2 orange demons (Depths:5)
  A cane toad (shapeshifter) (D:14)
  2 torpor snails
  3 gargoyles
  3 kobold demonologists (D:12)
  2 tengu conjurers
  9 komodo dragons
  5 rime drakes
  14 demonic crawlers
  3 efreet
  A hellwing (Depths:5)
  30 yaktaurs
  A freezing wraith (D:15)
  3 ancient zymes (Abyss:3)
  A catoblepas skeleton (Abyss:3)
  A shadow dragon simulacrum (Depths:3)
  A troll (shapeshifter) (Lair:4)
  14 hornets
  7 meliai
  A queen bee (Spider:4)
  22 jumping spiders
  9 trolls
  11 tyrant leeches
  78 redbacks
  5 raiju
  35 slime creatures
  22 blink frogs
  A meliai zombie (D:11)
  A snapping turtle (shapeshifter) (Elf:3)
  A snapping turtle (Lair:6)
  5 air elementals
  7 flying skulls (Abyss:3)
  2 water elementals (Elf:3)
  27 tarantellas
  A shadow (D:10)
  9 wraiths
  17 spriggans
  2 basilisks (D:10)
  39 yaks
  A ynoxinul (Abyss:3)
  8 wyverns
  3 hogs
  2 chaos spawn (Abyss:3)
  A vampire (D:13)
  4 fire elementals
  A human (shapeshifter) (D:8)
  5 steam dragons
  3 golden eyes (Abyss:3)
  10 small abominations (Abyss:3)
  4 vampire mosquitoes (D:14)
  15 swamp worms
  14 water moccasins
  3 hell hounds (Orc:2)
  A human skeleton (Vaults:1)
  37 orc warriors
  A nameless horror (Depths:5)
  7 swamp drakes (Swamp:4)
  2 black bears
  2 ice beasts (D:5)
  2 sky beasts
  A necrophage (Swamp:2)
  A boggart (D:13)
  A tengu (D:4)
  20 centaurs
  22 wolves
  8 ogres
  5 kobold brigands
  10 bullfrogs
  6 earth elementals
  A wyvern zombie (D:7)
  2 gnoll sergeants
  6 scorpions
  A wyvern skeleton (D:7)
  49 killer bees
  4 wights
  6 electric eels
  5 howler monkeys
  2 centaur zombies
  A jelly (shapeshifter) (Depths:3)
  20 orc priests
  A hound (D:4)
  An iron imp (Abyss:3)
  2 centaur skeletons (D:7)
  32 orc wizards
  3 killer bee zombies (D:8)
  A hound skeleton (D:4)
  3 howler monkey zombies
  2 howler monkey skeletons
  8 adders
  10 gnolls
  3 white imps
  3 worms
  2 dart slugs
  72 orcs
  5 ball pythons
  8 endoplasms
  3 giant cockroaches (D:2)
  8 goblins
  11 hobgoblins
  6 jackals (D:1)
  26 kobolds
  2 quokkas
  11 bats
  3 frilled lizards
  9 rats
  4 starspawn tentacles (Abyss:3)
2075 creatures vanquished.

Vanquished Creatures (collateral kills)
  A curse toe (Zot:3)
  Rupert (Lair:4)
  Asterion (Spider:3)
  A death cob (Zot:3)
  A draconian monk (Depths:5)
  A storm dragon (Zot:3)
  Donald (Vaults:1)
  A deep elf sorcerer (Elf:3)
  A stone giant (Depths:5)
  A purple draconian (Zot:3)
  A deep elf annihilator (Elf:3)
  A deep elf death mage (Elf:3)
  A hydra (Swamp:4)
  A two-headed ogre (D:13)
  An alligator (Swamp:2)
  A thrashing horror (Abyss:3)
  A flayed ghost (Depths:3)
  A torturous demonspawn (Depths:5)
  2 ugly things (D:15)
  A moth of wrath (Zot:5)
  A jumping spider (Lair:4)
  A hornet (Depths:3)
  2 blink frogs (Lair:1)
  Sigmund (D:4)
  3 redbacks
  A spriggan (Depths:3)
  3 yaks (D:9)
  A hog (Lair:4)
  Duvessa (D:4)
  Dowan (D:4)
  A wight (D:9)
  An orc wizard (Orc:2)
  2 gnolls
  A quokka (D:4)
41 creatures vanquished.

Vanquished Creatures (others)
  Margery (Vaults:3)
  A tentacled monstrosity (Zot:2)
  A ghost moth (Depths:5)
  An emperor scorpion (Spider:4)
  A hydra (Swamp:3)
  A deep troll (Vaults:2)
  A spriggan druid (Swamp:3)
  A wizard (Vaults:2)
  A deep elf pyromancer (Elf:1)
  A deep elf zephyrmancer (Elf:2)
  A yaktaur (Vaults:4)
  A meliai (Spider:4)
  A troll (Zot:2)
  2 bloated husks
  2 redbacks (Spider:4)
  A dancing weapon (Orc:2)
  2 tarantellas
  A wyvern (Lair:4)
  A golden eye (Abyss:3)
  2 swamp worms (Swamp:3)
  An orc priest (Orc:2)
  An orc wizard (D:6)
  A gnoll (D:6)
  An adder (D:6)
  2 orcs (Orc:2)
  44 foxfires
  79 fungi
  122 plants
  10 starspawn tentacles
285 creatures vanquished.

Grand Total: 2401 creatures vanquished

Notes
Turn   | Place    | Note
-------+----------+-------------------------------------------
     0 | D:1      | MisterFreud the Gnoll Fighter began the quest for the Orb.
     0 | D:1      | Reached XP level 1. HP: 23/23 MP: 1/1
    40 | D:1      | Reached XP level 2. HP: 17/29 MP: 2/2
   602 | D:1      | Reached XP level 3. HP: 35/35 MP: 3/3
   876 | D:1      | Reached skill level 1 in Invocations
  1237 | D:2      | Reached skill level 1 in Long Blades
  1237 | D:2      | Reached skill level 1 in Axes
  1237 | D:2      | Reached skill level 1 in Maces & Flails
  1237 | D:2      | Reached skill level 1 in Polearms
  1237 | D:2      | Reached skill level 1 in Staves
  1237 | D:2      | Reached skill level 1 in Slings
  1237 | D:2      | Reached skill level 1 in Bows
  1237 | D:2      | Reached skill level 1 in Crossbows
  1237 | D:2      | Reached skill level 1 in Throwing
  1237 | D:2      | Reached skill level 1 in Dodging
  1237 | D:2      | Reached skill level 1 in Stealth
  1237 | D:2      | Reached skill level 1 in Unarmed Combat
  1237 | D:2      | Reached skill level 1 in Spellcasting
  1237 | D:2      | Reached skill level 1 in Evocations
  1318 | D:2      | Reached XP level 4. HP: 41/41 MP: 5/5
  1695 | D:3      | Found a faded altar of an unknown god.
  1703 | D:3      | Became a worshipper of Xom of Malicious Giggling
  1879 | D:3      | XOM: divination: detect creatures
  1909 | D:3      | Reached skill level 1 in Conjurations
  1909 | D:3      | Reached skill level 1 in Hexes
  1909 | D:3      | Reached skill level 1 in Summonings
  1909 | D:3      | Reached skill level 1 in Necromancy
  1909 | D:3      | Reached skill level 1 in Translocations
  1909 | D:3      | Reached skill level 1 in Transmutations
  1909 | D:3      | Reached skill level 1 in Fire Magic
  1909 | D:3      | Reached skill level 1 in Ice Magic
  1909 | D:3      | Reached skill level 1 in Air Magic
  1909 | D:3      | Reached skill level 1 in Earth Magic
  1909 | D:3      | Reached skill level 1 in Poison Magic
  2306 | D:3      | Reached XP level 5. HP: 46/47 MP: 5/7
  2470 | D:3      | Found a shimmering altar of Xom.
  2470 | D:3      | XOM: 8-stop teleportation journey
  2624 | D:3      | Found a bloodstained altar of Trog.
  2806 | D:3      | XOM: 9-stop teleportation journey
  2947 | D:3      | XOM: cloud trail
  2960 | D:3      | XOM: summons 3 hostile demons
  3107 | D:4      | Found a snail-covered altar of Cheibriados.
  3110 | D:4      | Found a glowing silver altar of Zin.
  3251 | D:4      | Noticed a tengu
  3251 | D:4      | an adder changed into a tengu
  3251 | D:4      | XOM: polymorph adder -> tengu
  3254 | D:4      | Killed a tengu
  3255 | D:4      | Reached XP level 6. HP: 41/53 MP: 8/8
  3496 | D:4      | XOM: chaos upgrade
  3527 | D:4      | XOM: give mutations
  3527 | D:4      | Gained mutation: You have large cloven feet. [Xom's
                  | mischief]
  3527 | D:4      | Gained mutation: You are dopey. (Int -2) [Xom's mischief]
  3528 | D:4      | Noticed Dowan
  3529 | D:4      | Noticed Duvessa
  3530 | D:4      | XOM: silly message
  3563 | D:3      | Reached skill level 5 in Short Blades
  3598 | D:4      | Noticed Sigmund
  3614 | D:4      | Killed Sigmund
  3615 | D:4      | Reached skill level 2 in Axes
  3615 | D:4      | XOM: cast spell 'Summon Horrible Things'
  3617 | D:4      | Killed Duvessa
  3618 | D:4      | Reached XP level 7. HP: 17/59 MP: 8/10
  3622 | D:4      | Killed Dowan
  3704 | D:4      | XOM: give mutation
  3704 | D:4      | Gained mutation: Your flesh is cold resistant. (rC+) [Xom's
                  | grace]
  4015 | D:5      | Entered Level 5 of the Dungeon
  4352 | D:5      | XOM: cast spell 'Metabolic Englaciation'
  4364 | D:5      | Reached XP level 8. HP: 32/67 MP: 10/12
  4576 | D:5      | Reached skill level 3 in Axes
  5164 | D:5      | XOM: cloud trail
  5237 | D:5      | XOM: god gift: scroll labelled KOBBOU JESEY {god gift}
  5436 | D:6      | XOM: destruction
  5575 | D:6      | Found a staircase to the Ecumenical Temple.
  5626 | D:6      | XOM: cloud trail
  5698 | D:6      | XOM: confuse monster(s)
  5700 | D:6      | XOM: noise
  5724 | D:6      | XOM: divination: detect creatures
  5725 | D:6      | Identified the +0 barding "Dytaohua" {rElec Str+4 Int-3
                  | Dex+5} (Xom gifted it to you on level 6 of the Dungeon)
  5725 | D:6      | XOM: god gift: +0 barding "Dytaohua" {rElec Str+4 Int-3
                  | Dex+5}
  5730 | D:6      | XOM: summons 1 friendly demon
  5994 | D:6      | XOM: divination: detect items
  6417 | D:7      | Identified the ring of Divine Intervention {*Slow rCorr
                  | AC+4 Str+3} (Xom gifted it to you on level 7 of the
                  | Dungeon)
  6417 | D:7      | XOM: god gift: ring of Divine Intervention {*Slow rCorr
                  | AC+4 Str+3}
  6482 | D:7      | Reached XP level 9. HP: 63/72 MP: 14/14
  6487 | D:7      | XOM: confuse monster(s)
  6748 | D:7      | Reached skill level 4 in Axes
  6859 | D:7      | Identified the ring "Dufufed" {Wiz rN+++ Str+3 Dex-4
                  | Slay+2}
  7131 | D:7      | XOM: confusion
  7140 | D:7      | XOM: polymorph killer bee -> sky beast
  7343 | D:7      | XOM: scenery: create altars
  7412 | D:8      | XOM: divination: detect creatures
  7487 | D:8      | XOM: divination: magic mapping
  7782 | D:8      | Noticed a two-headed ogre
  7786 | D:8      | Killed a two-headed ogre
  7787 | D:8      | Reached skill level 5 in Invocations
  7797 | D:8      | XOM: summons 5 friendly demons
  7811 | D:8      | XOM: polymorph white imp -> crimson imp
  7824 | D:8      | XOM: polymorph crimson imp -> white imp
  7954 | D:8      | XOM: 1-stop teleportation journey
  7987 | D:8      | XOM: noise
  7994 | D:7      | XOM: summons 3 hostile demons
  8224 | D:7      | XOM: divination: detect items
  8226 | D:7      | XOM: swap monsters
  8231 | D:7      | Reached XP level 10. HP: 80/80 MP: 17/17
  8311 | D:8      | XOM: 5-stop teleportation journey
  8488 | D:8      | XOM: enchant monster (good)
  8490 | D:8      | Reached skill level 5 in Axes
  8523 | D:8      | Reached skill level 5 in Long Blades
  8523 | D:8      | Reached skill level 5 in Maces & Flails
  8523 | D:8      | Reached skill level 5 in Polearms
  8523 | D:8      | Reached skill level 5 in Staves
  8523 | D:8      | Reached skill level 5 in Slings
  8523 | D:8      | Reached skill level 5 in Bows
  8523 | D:8      | Reached skill level 5 in Crossbows
  8523 | D:8      | Reached skill level 5 in Throwing
  8523 | D:8      | Reached skill level 5 in Dodging
  8523 | D:8      | Reached skill level 5 in Stealth
  8523 | D:8      | Reached skill level 5 in Unarmed Combat
  8523 | D:8      | Reached skill level 5 in Spellcasting
  8523 | D:8      | Reached skill level 5 in Evocations
  8727 | D:8      | XOM: confuse monster(s)
  8877 | D:9      | Found Kib Moec's Weapon Shop.
  8903 | D:9      | Noticed a two-headed ogre
  8912 | D:9      | Killed a two-headed ogre
  9422 | D:9      | XOM: summons 2 friendly demons
  9656 | D:9      | XOM: scenery: 1 doors open
  9664 | D:9      | XOM: enchant monster (good)
  9678 | D:8      | Reached skill level 6 in Axes
  9829 | D:9      | XOM: potion effect (haste)
  9930 | D:9      | XOM: scenery: summon butterflies
 10205 | D:9      | XOM: cloud trail
 10320 | D:9      | XOM: cloud trail
 10387 | D:9      | Noticed a two-headed ogre
 10388 | D:9      | XOM: destruction
 10398 | D:9      | Killed a two-headed ogre
 10429 | D:9      | XOM: god gift: staff of air
 10672 | D:10     | Entered Level 10 of the Dungeon
 10672 | D:10     | Found a sparkling altar of Nemelex Xobeh.
 10703 | D:10     | Found Jiytirgh's Antique Armour Emporium.
 10707 | D:10     | Bought a warped scale mail for 252 gold pieces
 10707 | D:10     | Identified the +3 scale mail of the Four Bones {rF+} (You
                  | bought it in a shop on level 10 of the Dungeon)
 10712 | D:10     | XOM: enchant monster (good)
 10716 | D:10     | XOM: chaos cloud
 10719 | D:10     | Paralysed by you for 2 turns
 10737 | D:9      | XOM: god gift: 4 boomerangs
 10743 | D:9      | Learned a level 3 spell: Mephitic Cloud
 10747 | D:9      | Learned a level 3 spell: Swiftness
 10751 | D:9      | Learned a level 3 spell: Tukima's Dance
 10817 | D:10     | XOM: scenery: create altars
 10853 | D:10     | Found a blossoming altar of Fedhas.
 10903 | D:10     | Found a white marble altar of Elyvilon.
 10911 | D:10     | Reached XP level 11. HP: 87/87 MP: 19/19
 10982 | D:10     | Found a staircase to the Lair.
 10982 | D:10     | Noticed a two-headed ogre
 10994 | D:10     | XOM: divination: magic mapping
 10996 | D:10     | XOM: enchant monster (bad)
 11018 | D:10     | XOM: chaos upgrade
 11020 | D:10     | XOM: blink monster(s)
 11030 | D:10     | XOM: silly message
 11031 | D:10     | Killed a two-headed ogre
 11032 | D:10     | Reached skill level 7 in Axes
 11032 | D:10     | Reached skill level 5 in Conjurations
 11032 | D:10     | Reached skill level 5 in Hexes
 11032 | D:10     | Reached skill level 5 in Summonings
 11032 | D:10     | Reached skill level 5 in Necromancy
 11032 | D:10     | Reached skill level 5 in Translocations
 11032 | D:10     | Reached skill level 5 in Transmutations
 11032 | D:10     | Reached skill level 5 in Fire Magic
 11032 | D:10     | Reached skill level 5 in Ice Magic
 11032 | D:10     | Reached skill level 5 in Air Magic
 11032 | D:10     | Reached skill level 5 in Earth Magic
 11032 | D:10     | Reached skill level 5 in Poison Magic
 11038 | D:10     | XOM: swap monsters
 11325 | D:10     | Found a runed translucent gate.
 11325 | D:10     | Found a runed translucent gate.
 11325 | D:10     | Found a runed translucent gate.
 11325 | D:10     | Noticed Lordstoney's ghost (novice MiFi)
 11327 | D:10     | Found a basalt altar of Yredelemnul.
 11366 | D:10     | XOM: polymorph acid dragon -> sky beast
 11685 | D:11     | Noticed a two-headed ogre
 11693 | D:11     | Killed a two-headed ogre
 11698 | D:11     | XOM: confusion (+ monsters)
 11760 | D:11     | Identified the +2 pair of boots of the Dwarven Hall {Str+3
                  | Dex+4}
 11839 | D:11     | XOM: summons 2 hostile shadow creatures
 11840 | D:11     | Noticed a wizard
 11845 | D:11     | XOM: summons friendly quasit
 11852 | D:11     | XOM: enchant monster (good)
 12002 | D:11     | Noticed a cyclops
 12008 | D:11     | XOM: cast spell 'Alistair's Intoxication'
 12022 | D:11     | Killed a cyclops
 12204 | D:11     | XOM: cloud trail
 12209 | D:11     | Noticed a boulder beetle
 12211 | D:11     | XOM: noise
 12224 | D:11     | Killed a boulder beetle
 12225 | D:11     | Reached skill level 8 in Axes
 12686 | D:12     | Found Zinn's Weapon Boutique.
 12688 | D:12     | Found a staircase to the Orcish Mines.
 12691 | D:12     | Found Bereg's Armour Boutique.
 12713 | D:12     | Noticed a sixfirhy
 12878 | D:12     | Noticed a boulder beetle
 12893 | D:12     | XOM: potion effect (invisibility)
 12905 | D:12     | Killed a boulder beetle
 12906 | D:12     | Reached XP level 12. HP: 84/96 MP: 22/22
 12973 | Lair:1   | Entered Level 1 of the Lair of Beasts
 13047 | Lair:1   | Noticed Joseph
 13068 | Lair:1   | Killed Joseph
 13102 | Lair:1   | XOM: divination: detect items
 13115 | Lair:1   | XOM: cloud trail
 13343 | Lair:1   | XOM: cast spell 'Summon Small Mammal'
 13355 | Lair:1   | XOM: divination: detect creatures
 13472 | Lair:1   | XOM: potion effect (might)
 13506 | Lair:1   | Found a snail-covered altar of Cheibriados.
 13672 | Lair:1   | XOM: divination: magic mapping
 13749 | Lair:1   | XOM: give mutations
 13749 | Lair:1   | Gained mutation: You have an increased reservoir of magic.
                  | (+10% MP) [Xom's mischief]
 13749 | Lair:1   | Gained mutation: You tend to lose your temper in combat.
                  | [Xom's mischief]
 13749 | Lair:1   | Gained mutation: You are weak. (Str -2) [Xom's mischief]
 13749 | Lair:1   | Lost mutation: You tend to lose your temper in combat.
                  | [Xom's mischief]
 13795 | Lair:1   | XOM: enchant monster (good)
 13798 | Lair:1   | XOM: summons 6 friendly demons
 13922 | Lair:1   | XOM: summons 2 hostile demons
 14007 | Lair:2   | Noticed a boulder beetle
 14046 | Lair:2   | XOM: summons 12 friendly demons
 14047 | Lair:2   | Reached skill level 9 in Axes
 14052 | Lair:2   | Killed a boulder beetle
 14245 | Lair:2   | XOM: god gift: scroll of noise
 14256 | Lair:2   | XOM: potion effect (curing)
 14274 | Lair:2   | XOM: polymorph cane toad -> blink frog
 14275 | Lair:2   | XOM: summons 2 friendly demons
 14522 | Lair:2   | Identified a scroll of acquirement
 14522 | Lair:2   | Acquired the ring "Vihexyof" {rElec rN+ Will- Str+2 Int+3}
 14591 | Lair:2   | Noticed a boulder beetle
 14598 | Lair:2   | Killed a boulder beetle
 14599 | Lair:2   | Reached skill level 10 in Fighting
 14599 | Lair:2   | Reached skill level 10 in Armour
 14599 | Lair:2   | Reached skill level 10 in Shields
 14986 | Lair:2   | XOM: confuse monster(s)
 15034 | Lair:2   | Found a staircase to the Swamp.
 15225 | Lair:2   | XOM: stat loss: -1 Dex (11/12)
 15291 | Lair:2   | XOM is BORED!
 15291 | Lair:2   | XOM: noise
 15315 | Lair:2   | XOM: give mutations
 15315 | Lair:2   | Gained mutation: You are very dopey. (Int -4) [Xom's
                  | mischief]
 15315 | Lair:2   | Lost mutation: You are very dopey. (Int -4) [Xom's
                  | mischief]
 15315 | Lair:2   | Gained mutation: You have a pair of small antennae on your
                  | head. [Xom's mischief]
 15493 | Lair:3   | Found a dark tunnel.
 15617 | Lair:3   | XOM: blink monster(s)
 15624 | Lair:3   | XOM: 1-stop teleportation journey
 15817 | Lair:3   | XOM: potion effect (invisibility)
 15830 | Lair:3   | XOM: cleaving
 15870 | Lair:3   | XOM: 3-stop teleportation journey
 16023 | Lair:3   | XOM is BORED!
 16023 | Lair:3   | XOM: give mutations
 16023 | Lair:3   | Gained mutation: You are clumsy. (Dex -2) [Xom's mischief]
 16023 | Lair:3   | Lost mutation: You have large cloven feet. [Xom's mischief]
 16023 | Lair:3   | Lost mutation: You are clumsy. (Dex -2) [Xom's mischief]
 16023 | Lair:3   | Lost mutation: You are dopey. (Int -2) [Xom's mischief]
 16093 | Lair:3   | Reached XP level 13. HP: 103/103 MP: 27/27
 16291 | Lair:4   | Noticed Rupert
 16291 | Lair:4   | XOM: enchant monster (good)
 16292 | Lair:4   | XOM: potion effect (haste)
 16412 | Lair:4   | XOM: divination: magic mapping
 16435 | Lair:4   | XOM: confuse monster(s)
 16450 | Lair:4   | Reached skill level 10 in Axes
 16587 | Lair:4   | XOM: confuse monster(s)
 16655 | Lair:4   | XOM: 3-stop teleportation journey
 16719 | Lair:4   | Found a hole to the Spider Nest.
 16726 | Lair:4   | XOM: polymorph worm -> shapeshifter
 16732 | Lair:4   | XOM: confusion
 16735 | Lair:4   | XOM: noise
 16902 | Lair:4   | XOM: give mutations
 16902 | Lair:4   | Gained mutation: You have sharp fingernails. [Xom's grace]
 16902 | Lair:4   | Gained mutation: You expend magic power (3 MP) to
                  | strengthen your wands. [Xom's grace]
 16909 | Lair:4   | Killed Rupert
 17136 | Lair:4   | XOM: destruction
 17199 | Lair:4   | XOM: give mutations
 17199 | Lair:4   | Gained mutation: Your system is resistant to poisons.
                  | (rPois) [Xom's grace]
 17199 | Lair:4   | Gained mutation: You have large cloven feet. [Xom's grace]
 17300 | Lair:4   | XOM: god gift: book of Beasts
 17487 | Lair:4   | XOM: divination: detect items
 17577 | Lair:4   | XOM: silly message
 17741 | Lair:4   | XOM: silly message
 18052 | Lair:5   | XOM: snakes to sticks
 18063 | Lair:5   | XOM: blink monster(s)
 18107 | Lair:5   | Acquired the +3 pair of gauntlets of War {Slay+5}
 18107 | Lair:5   | Found the +3 pair of gauntlets of War {Slay+5}
 18147 | Lair:5   | XOM: god gift: ring of ice
 18350 | Lair:5   | XOM: cloud trail
 18522 | Lair:5   | XOM: cast spell 'Olgreb's Toxic Radiance'
 18845 | Lair:6   | Entered Level 6 of the Lair of Beasts
 18853 | Lair:6   | XOM: noise
 18867 | Lair:6   | XOM: divination: detect creatures
 18884 | Lair:6   | XOM: confuse monster(s)
 19097 | Lair:6   | XOM: noise
 19109 | Lair:6   | XOM: enchant monster (bad)
 19112 | Lair:6   | XOM: noise
 19125 | Lair:6   | XOM: noise
 19152 | Lair:5   | Reached skill level 11 in Axes
 19327 | Lair:6   | XOM: enchant monster (bad)
 19332 | Lair:6   | XOM: cleaving
 19339 | Lair:6   | XOM: 1-stop teleportation journey
 19401 | Lair:6   | XOM: 2-stop teleportation journey
 19558 | Lair:6   | XOM: confuse monster(s)
 19569 | Lair:6   | XOM: confuse monster(s)
 19576 | Lair:6   | Reached XP level 14. HP: 95/111 MP: 29/29
 19634 | Lair:6   | Reached skill level 10 in Short Blades
 19784 | Lair:6   | XOM: fake destruction
 19855 | Lair:6   | XOM: noise
 19868 | Lair:6   | XOM: confuse monster(s)
 20179 | Lair:6   | XOM: 1-stop teleportation journey
 20276 | Lair:6   | Found a staircase to the Slime Pits.
 20303 | Lair:6   | XOM: silly message
 20314 | Lair:6   | Reached skill level 10 in Invocations
 20344 | Lair:6   | XOM: 2-stop teleportation journey
 20347 | Lair:6   | XOM: repel stairs
 20351 | Lair:6   | XOM: 2-stop teleportation journey
 20609 | Lair:6   | Found the +7 captain's cutlass {speed, disarm}
 20618 | Lair:6   | Got Yxkubb's Collected Works on the Spatial Arsonist
 20627 | Lair:6   | Identified the +10 falchion "Ymaddiedd" {flame, Stlth+}
 20656 | Lair:6   | XOM: confusion
 21110 | Lair:6   | Reached skill level 12 in Axes
 21692 | D:12     | XOM: stat loss: -1 Dex (11/12)
 21701 | D:12     | XOM: divine lightning
 21969 | D:12     | XOM: torment (75/113 hp)
 21983 | D:12     | XOM: give mutations
 21983 | D:12     | Gained mutation: You are robust. (+10% HP) [Xom's mischief]
 21983 | D:12     | Gained mutation: You are very weak. (Str -4) [Xom's
                  | mischief]
 21983 | D:12     | Gained mutation: You are dopey. (Int -2) [Xom's mischief]
 21983 | D:12     | Lost mutation: You are very weak. (Str -4) [Xom's mischief]
 22007 | D:12     | XOM: summons 8 hostile demons
 22101 | D:12     | XOM: summons 8 hostile demons
 22894 | D:12     | Found a shimmering blue altar of Sif Muna.
 23011 | D:12     | XOM: 1-stop teleportation journey
 23037 | D:13     | XOM: stealth player
 23162 | D:13     | XOM: cloud trail
 23189 | D:13     | Noticed Josephine
 23189 | D:13     | XOM: 8-stop teleportation journey
 23202 | D:13     | Killed Josephine
 23206 | D:13     | XOM: summons friendly rust devil
 23332 | D:13     | Reached XP level 15. HP: 120/130 MP: 31/31
 23430 | D:13     | Found a gate to the Vaults.
 23717 | D:13     | XOM: god gift: 23 gold pieces
 23863 | D:13     | XOM: give mutation
 23863 | D:13     | Gained mutation: You evolve. [Xom's grace]
 23974 | D:13     | XOM: silly message
 24294 | D:14     | XOM: scenery: create altars
 24326 | D:14     | XOM: summons friendly iron imp
 24402 | D:14     | XOM: polymorph iron imp -> crimson imp
 24574 | D:14     | XOM: polymorph brown ugly thing -> white ugly thing
 24706 | D:14     | Found an ornate altar of the Wu Jian Council.
 24846 | D:15     | Entered Level 15 of the Dungeon
 24857 | D:15     | XOM: summons 2 friendly demons
 24874 | D:15     | Reached skill level 10 in Long Blades
 24874 | D:15     | Reached skill level 10 in Maces & Flails
 24874 | D:15     | Reached skill level 10 in Polearms
 24874 | D:15     | Reached skill level 10 in Staves
 24874 | D:15     | Reached skill level 10 in Slings
 24874 | D:15     | Reached skill level 10 in Bows
 24874 | D:15     | Reached skill level 10 in Crossbows
 24874 | D:15     | Reached skill level 10 in Throwing
 24874 | D:15     | Reached skill level 10 in Dodging
 24874 | D:15     | Reached skill level 10 in Stealth
 24874 | D:15     | Reached skill level 10 in Unarmed Combat
 24874 | D:15     | Reached skill level 10 in Spellcasting
 24874 | D:15     | Reached skill level 10 in Evocations
 24908 | D:15     | XOM: stat loss: -1 Dex (11/12)
 24943 | D:15     | XOM: 6-stop teleportation journey
 25194 | D:15     | XOM: enchant monster (bad)
 25470 | D:15     | XOM: divination: magic mapping
 25543 | D:15     | Found a frozen archway.
 25688 | D:15     | XOM: silly message
 25696 | D:15     | XOM: cast spell 'Summon Mana Viper'
 26376 | D:15     | Reached skill level 13 in Axes
 26433 | D:15     | XOM: cast spell 'Summon Ice Beast'
 26718 | D:15     | Found a staircase to the Depths.
 26749 | D:15     | XOM is BORED!
 26749 | D:15     | XOM: summons 4 hostile demons
 26988 | Orc:1    | Entered Level 1 of the Orcish Mines
 26999 | Orc:1    | XOM: cast spell 'Summon Mana Viper'
 27126 | Orc:1    | XOM: god gift: rapier {god gift}
 27192 | Orc:1    | XOM: god gift: chain mail {god gift}
 27392 | Orc:2    | Entered Level 2 of the Orcish Mines
 27397 | Orc:2    | Noticed Azrael
 27397 | Orc:2    | XOM: scenery: summon butterflies
 27400 | Orc:2    | XOM: summons 9 friendly demons
 27414 | Orc:2    | Noticed Nessos
 27740 | Orc:2    | Killed Nessos
 27853 | Orc:2    | Found a staircase to the Elven Halls.
 27853 | Orc:2    | XOM: 5-stop teleportation journey
 27929 | Orc:2    | XOM: divination: detect items
 28034 | Orc:2    | Noticed an orc warlord
 28037 | Orc:2    | XOM: 1-stop teleportation journey
 28137 | Orc:1    | XOM: 3-stop teleportation journey
 28237 | Orc:2    | Noticed Snorg
 28242 | Orc:2    | XOM: cast spell 'Metabolic Englaciation'
 28244 | Orc:2    | XOM: potion effect (invisibility)
 28246 | Orc:2    | XOM: cast spell 'Call Canine Familiar'
 28260 | Orc:2    | XOM: confuse monster(s)
 28268 | Orc:2    | Killed Azrael
 28278 | Orc:2    | Killed Snorg
 28329 | Orc:2    | XOM: cast spell 'Disjunction'
 28340 | Orc:2    | XOM: cast spell 'Disjunction'
 28550 | Orc:2    | XOM: fake destruction
 28870 | Orc:1    | Gained mutation: You possess an exceptional clarity of
                  | mind. [evolution]
 28963 | Orc:2    | Gained mutation: Potions are less effective at restoring
                  | your health. [a neqoxec]
 29120 | Orc:1    | XOM: summons 1 hostile shadow creature
 29292 | Orc:2    | Killed an orc warlord
 29419 | Orc:2    | XOM: noise
 29437 | Orc:2    | XOM: stat loss: -1 Dex (11/12)
 29498 | Orc:2    | Reached XP level 16. HP: 98/139 MP: 33/33
 29508 | Orc:2    | XOM: blink monster(s)
 29519 | Orc:2    | XOM: swap monsters
 29966 | Orc:2    | XOM: silly message
 30088 | Orc:2    | Found Ufieplor's General Store.
 30089 | Orc:2    | Found Petepiof's Book Boutique.
 30091 | Orc:2    | Found Ywiamene's Antique Armour Shop.
 30091 | Orc:2    | Found Rasov's Antique Weapon Shop.
 30098 | Orc:2    | Bought a book of Transfigurations for 520 gold pieces
 30104 | Orc:2    | Learned a level 5 spell: Irradiate
 30199 | Orc:2    | XOM: noise
 30337 | Orc:2    | XOM: give mutation
 30337 | Orc:2    | Lost mutation: You have large cloven feet. [Xom's mischief]
 30746 | Orc:1    | XOM: noise
 31151 | Spider:1 | Entered Level 1 of the Spider Nest
 31152 | Spider:1 | Noticed Kirke
 31162 | Spider:1 | XOM: divination: magic mapping
 31163 | Spider:1 | Noticed a sphinx
 31168 | Lair:4   | XOM: enchant monster (good)
 31292 | Spider:1 | Killed Kirke
 31349 | Spider:1 | XOM: noise
 31350 | Spider:1 | XOM: enchant monster (bad)
 31358 | Spider:1 | XOM: silly message
 32050 | Spider:1 | XOM: silly message
 32057 | Lair:4   | XOM: potion effect (curing)
 32076 | Lair:4   | XOM: noise
 32341 | Spider:1 | XOM: enchant monster (bad)
 32416 | Spider:1 | XOM: 2-stop teleportation journey
 32433 | Spider:1 | Noticed Nikola
 32437 | Spider:1 | Reached skill level 14 in Axes
 32438 | Spider:1 | XOM: scenery: summon butterflies
 32439 | Spider:1 | XOM: polymorph butterfly -> killer bee
 32475 | Spider:1 | XOM: summons 5 hostile demons
 32490 | Spider:1 | XOM: polymorph shadow imp -> ufetubus
 32495 | Spider:1 | XOM: enchant monster (bad)
 32567 | Spider:1 | XOM: 1-stop teleportation journey
 32587 | Lair:4   | XOM: silly message
 32660 | Lair:4   | XOM: stat loss: -1 Dex (16/17)
 32867 | Spider:1 | Killed Nikola
 33097 | Spider:1 | Gained mutation: You are agile. (Dex +2) [evolution]
 33446 | Spider:2 | XOM: summons friendly ufetubus
 33458 | Spider:2 | XOM: potion effect (brilliance)
 33460 | Spider:2 | XOM: summons friendly quasit
 33500 | Spider:2 | XOM: confuse monster(s)
 33502 | Spider:2 | XOM: fog
 33505 | Spider:2 | XOM: silly message
 33521 | Spider:2 | XOM: enchant monster (good)
 33613 | Spider:2 | XOM: 1-stop teleportation journey
 33920 | Spider:2 | Noticed Louise
 33934 | Spider:2 | Killed Louise
 33979 | Spider:2 | XOM: torment (70/141 hp)
 34092 | Spider:2 | XOM: stat loss: -1 Str (22/23)
 34654 | Spider:3 | XOM: summons 2 friendly demons
 34660 | Spider:3 | XOM: cast spell 'Disjunction'
 34669 | Spider:3 | XOM: destruction
 34677 | Spider:3 | Reached XP level 17. HP: 135/148 MP: 35/35
 34730 | Spider:3 | XOM: summons friendly quasit
 34786 | Spider:3 | XOM: give mutation
 34786 | Spider:3 | Gained mutation: You rapidly evolve. [Xom's grace]
 34823 | Spider:3 | XOM: noise
 35083 | Spider:3 | XOM: silly message
 35181 | Spider:3 | XOM: 5-stop teleportation journey
 35560 | Spider:3 | Noticed Asterion
 35562 | Spider:3 | XOM: scenery: summon butterflies
 35572 | Spider:3 | Killed Asterion
 36437 | Spider:4 | Entered Level 4 of the Spider Nest
 36442 | Spider:4 | XOM: fake destruction
 36632 | Spider:4 | XOM: scenery: create altars
 36636 | Spider:4 | XOM: fog
 36675 | Spider:4 | XOM: summons friendly shadow imp
 36709 | Spider:4 | XOM: 2-stop teleportation journey
 36807 | Spider:4 | XOM: scenery: summon butterflies
 36819 | Spider:4 | XOM: cleaving
 36827 | Spider:4 | XOM: destruction
 36833 | Spider:4 | Reached skill level 15 in Axes
 36870 | Spider:4 | XOM: polymorph spark wasp -> ice dragon
 36878 | Spider:4 | XOM: summons friendly crimson imp
 37002 | Spider:4 | XOM: fog
 37023 | Spider:4 | XOM: swap monsters
 37113 | Spider:4 | XOM: summons 8 hostile demons
 37178 | Spider:4 | Got the Guide on Damaging Sinister Arts
 37186 | Spider:4 | XOM: cleaving
 37191 | Spider:4 | Reached skill level 10 in Conjurations
 37191 | Spider:4 | Reached skill level 10 in Hexes
 37191 | Spider:4 | Reached skill level 10 in Summonings
 37191 | Spider:4 | Reached skill level 10 in Necromancy
 37191 | Spider:4 | Reached skill level 10 in Translocations
 37191 | Spider:4 | Reached skill level 10 in Transmutations
 37191 | Spider:4 | Reached skill level 10 in Fire Magic
 37191 | Spider:4 | Reached skill level 10 in Ice Magic
 37191 | Spider:4 | Reached skill level 10 in Air Magic
 37191 | Spider:4 | Reached skill level 10 in Earth Magic
 37191 | Spider:4 | Reached skill level 10 in Poison Magic
 37193 | Spider:4 | XOM: noise
 37194 | Spider:4 | XOM: divine lightning
 37406 | Spider:4 | XOM: enchant monster (bad)
 37414 | Spider:4 | XOM: blink monster(s)
 37444 | Spider:4 | XOM: god gift: 535 gold pieces
 37479 | Spider:4 | XOM: cleaving
 37505 | Spider:4 | XOM: summons 2 friendly demons
 37522 | Spider:4 | XOM: summons 9 friendly demons
 37588 | Spider:4 | XOM: god gift: scroll of enchant armour
 37736 | Spider:4 | XOM: give mutations
 37736 | Spider:4 | Lost mutation: You are weak. (Str -2) [Xom's grace]
 37736 | Spider:4 | Gained mutation: Your flesh is very cold resistant. (rC++)
                  | [Xom's grace]
 37736 | Spider:4 | Gained mutation: You have a considerably increased
                  | reservoir of magic. (+20% MP) [Xom's grace]
 37736 | Spider:4 | Gained mutation: You are partially covered in iridescent
                  | scales. (AC +2) [Xom's grace]
 37760 | Spider:4 | XOM: repel stairs
 37856 | Spider:4 | XOM: cleaving
 37860 | Spider:4 | XOM: summons 1 hostile shadow creature
 37863 | Spider:4 | XOM: summons friendly ufetubus
 38036 | Spider:4 | XOM: torment (60/150 hp)
 38293 | Spider:4 | XOM: god gift: runed tower shield {god gift}
 38338 | Spider:4 | XOM: give mutations
 38338 | Spider:4 | Lost mutation: Your system is resistant to poisons. (rPois)
                  | [Xom's mischief]
 38338 | Spider:4 | Lost mutation: You are agile. (Dex +2) [Xom's mischief]
 38338 | Spider:4 | Lost mutation: You expend magic power (3 MP) to strengthen
                  | your wands. [Xom's mischief]
 38389 | Spider:4 | XOM: confuse monster(s)
 38409 | Spider:4 | Got a gossamer rune of Zot
 38680 | Spider:3 | XOM: give mutation
 38680 | Spider:3 | Lost mutation: Potions are less effective at restoring your
                  | health. [Xom's mischief]
 38826 | Swamp:1  | Entered Level 1 of the Swamp
 38895 | Swamp:1  | Reached XP level 18. HP: 137/157 MP: 40/40
 38920 | Swamp:1  | Found a white marble altar of Elyvilon.
 39060 | Swamp:1  | XOM: stat loss: -1 Dex (12/13)
 39209 | Swamp:1  | XOM: god gift: spear {god gift}
 39246 | Swamp:1  | Noticed a tentacled monstrosity
 39262 | Swamp:1  | Killed a tentacled monstrosity
 39395 | Swamp:2  | XOM: cleaving
 39436 | Swamp:2  | Found a runed translucent door.
 39445 | Swamp:2  | XOM: god gift: 50 gold pieces
 39463 | Swamp:2  | XOM: noise
 39491 | Swamp:2  | XOM: destruction
 39497 | Swamp:2  | XOM: swap monsters
 39537 | Swamp:2  | XOM: enchant monster (bad)
 39544 | Swamp:2  | XOM: potion effect (haste)
 39560 | Swamp:2  | XOM: divination: detect items
 39588 | Swamp:2  | Found a shimmering altar of Xom.
 39588 | Swamp:2  | Noticed Delver's ghost (adept DECj)
 39588 | Swamp:2  | Found the -2 hat of the Alchemist {rElec rPois rF+ rC+ rN+
                  | Will+ rMut rCorr}
 39617 | Swamp:2  | Gained mutation: You expend magic power (3 MP) to
                  | strengthen your wands. [evolution]
 39760 | Swamp:2  | XOM: enchant monster (good)
 39852 | Swamp:2  | XOM: 1-stop teleportation journey
 40065 | Swamp:3  | XOM: potion effect (brilliance)
 40180 | Swamp:2  | XOM: cloud trail
 40356 | Swamp:2  | XOM: god gift: scroll of teleportation
 40441 | Swamp:3  | Noticed a tentacled monstrosity
 40452 | Swamp:3  | Killed a tentacled monstrosity
 40879 | Swamp:3  | Learned a level 5 spell: Silence
 40886 | Swamp:3  | Learned a level 6 spell: Invisibility
 41098 | Swamp:3  | XOM: confuse monster(s)
 41266 | Swamp:4  | Entered Level 4 of the Swamp
 41589 | Swamp:4  | Reached skill level 16 in Axes
 41756 | Swamp:4  | XOM: summons 2 friendly demons
 41815 | Swamp:4  | XOM: 5-stop teleportation journey
 41816 | Swamp:4  | Noticed a tentacled monstrosity
 41827 | Swamp:4  | Killed a tentacled monstrosity
 41859 | Swamp:4  | XOM: god gift: potion of resistance
 41874 | Swamp:4  | Paralysed by a fenstrider witch for 3 turns
 41882 | Swamp:4  | XOM: polymorph fenstrider witch -> sphinx
 42269 | Swamp:4  | XOM: divination: detect items
 42344 | Swamp:4  | XOM: divination: detect creatures
 42356 | Swamp:4  | Reached XP level 19. HP: 146/166 MP: 40/42
 42362 | Swamp:4  | XOM: confuse monster(s)
 42450 | Swamp:4  | XOM: divination: detect creatures
 42453 | Swamp:4  | XOM: divination: detect creatures
 42460 | Swamp:4  | XOM: potion effect (magic)
 42561 | Swamp:4  | Got a decaying rune of Zot
 42690 | Lair:2   | XOM: divination: magic mapping
 42789 | D:10     | Killed Lordstoney's ghost
 42903 | Vaults:1 | Entered Level 1 of the Vaults
 43177 | Vaults:1 | Cast into level 3 of the Abyss (a wizard)
 43192 | Abyss:3  | Lost mutation: You possess an exceptional clarity of mind.
                  | [a cacodemon]
 43523 | Abyss:3  | XOM: confuse monster(s)
 43542 | Abyss:3  | XOM: noise
 43553 | Abyss:3  | Noticed a bone dragon
 43568 | Abyss:3  | XOM: cast spell 'Summon Mana Viper'
 43576 | Abyss:3  | Killed a bone dragon
 43609 | Abyss:3  | XOM: blink monster(s)
 43615 | Abyss:3  | XOM: summons friendly iron imp
 43623 | Abyss:3  | XOM: noise
 43654 | Abyss:3  | Learned a level 4 spell: Summon Lightning Spire
 43673 | Vaults:1 | Escaped the Abyss
 43790 | Vaults:1 | Noticed Donald
 43798 | Vaults:1 | Killed Donald
 43994 | D:13     | Lost mutation: You are dopey. (Int -2) [evolution]
 43999 | Vaults:1 | XOM: cleaving
 44010 | Vaults:1 | XOM: noise
 44229 | Swamp:2  | Killed Delver's ghost
 44248 | Swamp:2  | Got the Catalogue of the Armadillo
 44628 | Vaults:1 | XOM: cast spell 'Disjunction'
 44640 | Vaults:1 | XOM: noise
 44672 | Vaults:1 | XOM: summons 1 friendly demon
 44684 | Vaults:1 | XOM: scenery: 1 doors open
 44938 | Vaults:1 | XOM: noise
 45077 | Vaults:1 | XOM: silly message
 45097 | Vaults:1 | Reached skill level 17 in Axes
 45275 | Vaults:1 | Found Iliaselys's Assorted Antiques.
 45282 | Vaults:1 | Bought a metallic pink potion for 41 gold pieces
 45282 | Vaults:1 | Bought a scroll labelled FIKAOP COTUIWN for 46 gold pieces
 45777 | Vaults:1 | XOM: god gift: leather armour {god gift}
 45778 | Vaults:1 | XOM: summons friendly crimson imp
 45786 | Vaults:1 | Reached XP level 20. HP: 154/176 MP: 36/44
 46086 | Vaults:1 | Found Ilozut's Magic Scroll Emporium.
 46095 | Vaults:1 | Bought a scroll of fear for 56 gold pieces
 46095 | Vaults:1 | Bought a scroll of fog for 32 gold pieces
 46111 | Vaults:1 | XOM: silly message
 46127 | Vaults:1 | XOM: noise
 46224 | Vaults:2 | XOM: blink monster(s)
 46225 | Vaults:2 | XOM: 4-stop teleportation journey
 46302 | Vaults:2 | XOM: enchant monster (bad)
 46330 | Vaults:2 | XOM: give mutation
 46330 | Vaults:2 | Lost mutation: You are partially covered in iridescent
                  | scales. (AC +2) [Xom's mischief]
 46459 | Vaults:2 | XOM: confuse monster(s)
 46482 | Vaults:2 | XOM: scenery: 2 doors close
 46484 | Vaults:2 | Noticed a golden dragon
 46484 | Vaults:2 | a shadow dragon changed into a golden dragon
 46484 | Vaults:2 | XOM: polymorph shadow dragon -> golden dragon
 46485 | Vaults:2 | XOM: destruction
 46493 | Vaults:2 | Killed a golden dragon
 46511 | Vaults:2 | XOM: divine lightning
 46516 | Vaults:2 | XOM: potion effect (curing)
 46520 | Vaults:2 | XOM: scenery: 2 doors open
 46523 | Vaults:2 | XOM: 4-stop teleportation journey
 46820 | Vaults:2 | XOM: confuse monster(s)
 47023 | Vaults:2 | XOM: 3-stop teleportation journey
 47148 | Vaults:2 | XOM: give mutations
 47148 | Vaults:2 | Gained mutation: Your flesh is heat resistant. (rF+) [Xom's
                  | grace]
 47148 | Vaults:2 | Gained mutation: You possess an exceptional clarity of
                  | mind. [Xom's grace]
 47148 | Vaults:2 | Gained mutation: You have a greatly increased reservoir of
                  | magic. (+30% MP) [Xom's grace]
 47148 | Vaults:2 | Gained mutation: Your system is resistant to poisons.
                  | (rPois) [Xom's grace]
 47252 | Vaults:2 | Noticed Jory
 47266 | Vaults:2 | XOM: 6-stop teleportation journey
 47270 | Vaults:2 | Got the Reference Book on Hexes and the Blaze
 47274 | Vaults:2 | Identified the +2 robe "Udghaifie" {rCorr Str+8 Int+2
                  | Stlth-}
 47430 | Vaults:2 | XOM: divination: detect creatures
 47602 | Vaults:2 | XOM: cast spell 'Monstrous Menagerie'
 47603 | Vaults:2 | XOM: polymorph lindwurm -> human
 47612 | Vaults:2 | XOM: smoke on damage
 47616 | Vaults:2 | XOM: cleaving
 47634 | Vaults:2 | XOM: cast spell 'Discord'
 47644 | Vaults:2 | Killed Jory
 47679 | Vaults:2 | XOM: god gift: 25 stones
 47812 | Vaults:2 | XOM: give mutations
 47812 | Vaults:2 | Lost mutation: Your flesh is heat resistant. (rF+) [Xom's
                  | mischief]
 47812 | Vaults:2 | Lost mutation: Your flesh is very cold resistant. (rC++)
                  | [Xom's mischief]
 48849 | Vaults:2 | XOM: give mutations
 48849 | Vaults:2 | Lost mutation: You have a greatly increased reservoir of
                  | magic. (+30% MP) [Xom's mischief]
 48849 | Vaults:2 | Lost mutation: Your system is resistant to poisons. (rPois)
                  | [Xom's mischief]
 48889 | Vaults:2 | Found Qeur Tiraw's General Store.
 49230 | D:12     | Bought quicksilver dragon scales for 780 gold pieces
 49267 | D:13     | XOM: torment (129/177 hp)
 49444 | Vaults:3 | XOM: 1-stop teleportation journey
 49460 | Vaults:3 | XOM: torment (119/177 hp)
 49621 | Vaults:3 | Found a staircase to the Crypt.
 49631 | Vaults:3 | Reached XP level 21. HP: 183/183 MP: 41/46
 49647 | Vaults:3 | Reached skill level 18 in Axes
 49707 | Vaults:3 | Acquired the Grimoire of the Excruciating Escort
 49884 | Vaults:3 | XOM: silly message
 49903 | Vaults:3 | Noticed Margery
 49922 | Vaults:3 | Killed Margery
 49923 | Vaults:3 | Reached skill level 15 in Fighting
 49923 | Vaults:3 | Reached skill level 15 in Armour
 49923 | Vaults:3 | Reached skill level 15 in Shields
 50317 | Vaults:3 | XOM: summons 2 hostile shadow creatures
 50611 | Vaults:3 | XOM: summons 3 hostile shadow creatures
 50728 | Vaults:3 | Reached skill level 15 in Invocations
 51080 | Vaults:4 | XOM: 1-stop teleportation journey
 51111 | Vaults:4 | XOM: god gift: morningstar {god gift}
 51115 | Vaults:4 | XOM: cleaving
 51118 | Vaults:4 | XOM: divine lightning
 51129 | Vaults:4 | XOM: swap monsters
 51133 | Vaults:4 | XOM: chaos upgrade
 51140 | Vaults:4 | XOM: summons friendly crimson imp
 51165 | Vaults:4 | XOM: confuse monster(s)
 51220 | Vaults:4 | XOM: fog
 51453 | Vaults:4 | XOM: summons 3 hostile shadow creatures
 51723 | Vaults:4 | XOM: give mutations
 51723 | Vaults:4 | Lost mutation: You possess an exceptional clarity of mind.
                  | [Xom's mischief]
 51723 | Vaults:4 | Gained mutation: You occasionally shout uncontrollably at
                  | your foes. [Xom's mischief]
 51723 | Vaults:4 | Lost mutation: Your flesh is cold resistant. (rC+) [Xom's
                  | mischief]
 51941 | Vaults:4 | XOM: polymorph ironbound preserver -> shapeshifter
 51974 | Vaults:4 | XOM: summons 4 hostile shadow creatures
 52091 | Vaults:4 | Found a portal to a secret trove of treasure.
 52252 | Vaults:4 | XOM: confuse monster(s)
 52253 | Vaults:4 | XOM: blink monster(s)
 52256 | Vaults:4 | XOM: 1-stop teleportation journey
 52408 | Vaults:4 | XOM: cleaving
 52856 | Vaults:4 | Reached XP level 22. HP: 193/193 MP: 48/48
 53186 | Elf:1    | Entered Level 1 of the Elven Halls
 53360 | Elf:1    | XOM: confusion (+ monsters)
 53502 | Elf:1    | XOM: 1-stop teleportation journey
 53534 | Elf:1    | XOM: 2-stop teleportation journey
 53583 | Elf:1    | XOM: give mutations
 53583 | Elf:1    | Gained mutation: You have sharp toenails. [Xom's mischief]
 53583 | Elf:1    | Lost mutation: You have a considerably increased reservoir
                  | of magic. (+20% MP) [Xom's mischief]
 53603 | Elf:1    | XOM: give mutations
 53603 | Elf:1    | Lost mutation: You rapidly evolve. [Xom's mischief]
 53603 | Elf:1    | Lost mutation: You evolve. [Xom's mischief]
 53603 | Elf:1    | Gained mutation: You are somewhat resistant to further
                  | mutation. [Xom's mischief]
 53603 | Elf:1    | Lost mutation: You expend magic power (3 MP) to strengthen
                  | your wands. [Xom's mischief]
 53603 | Elf:1    | Lost mutation: You have a pair of small antennae on your
                  | head. [Xom's mischief]
 53603 | Elf:1    | Lost mutation: You occasionally shout uncontrollably at
                  | your foes. [Xom's mischief]
 53706 | Elf:1    | XOM: 2-stop teleportation journey
 53887 | Elf:1    | XOM: blink monster(s)
 53939 | Elf:1    | Got the Collected Works on Attacks
 54023 | Elf:1    | Identified the +0 rapier "Ekieddiot" {elec, rPois Dex+3}
 54119 | Elf:1    | XOM: god gift: 16 sling bullets
 54123 | Elf:1    | XOM: summons 4 friendly demons
 54129 | Elf:1    | Reached skill level 15 in Short Blades
 54129 | Elf:1    | Reached XP level 23. HP: 193/200 MP: 39/45
 54171 | Elf:1    | Noticed Roxanne
 54179 | Elf:1    | Learned a level 5 spell: Lee's Rapid Deconstruction
 54185 | Elf:1    | Killed Roxanne
 54299 | Elf:1    | Learned a level 6 spell: Statue Form
 54437 | Elf:2    | Identified the ring of Ytrim {rF+ rCorr Str+2 Stlth+}
 54478 | Elf:2    | XOM: 1-stop teleportation journey
 54498 | Elf:2    | XOM: summons friendly crimson imp
 54499 | Elf:2    | XOM: enchant monster (bad)
 54542 | Elf:2    | XOM: confusion (+ monsters)
 54548 | Elf:2    | XOM: blink monster(s)
 54558 | Elf:2    | XOM: give mutations
 54558 | Elf:2    | Gained mutation: You are dopey. (Int -2) [Xom's mischief]
 54558 | Elf:2    | Lost mutation: You have sharp toenails. [Xom's mischief]
 54561 | Elf:2    | Reached skill level 19 in Axes
 54582 | Elf:2    | Found a runed translucent gate.
 54583 | Elf:2    | Found a runed translucent gate.
 54584 | Elf:2    | Found a runed translucent gate.
 54988 | Elf:2    | XOM: silly message
 55237 | Elf:2    | Paralysed by an air elemental for 1 turns
 55436 | Elf:2    | Paralysed by an air elemental for 1 turns
 55563 | Elf:2    | XOM: cloud trail
 55642 | Elf:2    | XOM: noise
 55780 | Elf:2    | Identified the amulet "Onwypp" {Reflect rElec SH+5}
 55809 | Elf:2    | XOM: cloud trail
 56339 | Vaults:5 | Entered Level 5 of the Vaults
 56634 | Elf:3    | Entered Level 3 of the Elven Halls
 56664 | Elf:3    | Found Xirch's Antique Armour Boutique.
 56670 | Elf:3    | Found Dexuam's Armour Shop.
 56691 | Elf:3    | XOM: cast spell 'Necromutation'
 56695 | Elf:3    | XOM: swap monsters
 56717 | Elf:3    | XOM: enchant monster (bad)
 57516 | Elf:3    | XOM: summons 3 friendly demons
 57527 | Elf:3    | XOM: silly message
 57853 | Elf:3    | XOM: cast spell 'Olgreb's Toxic Radiance'
 57901 | Elf:3    | XOM: noise
 57925 | Elf:3    | XOM: confuse monster(s)
 57934 | Elf:3    | XOM: confuse monster(s)
 57937 | Elf:3    | XOM: potion effect (curing)
 57941 | Elf:3    | Cast into level 2 of the Abyss (a deep elf sorcerer)
 58052 | Abyss:3  | XOM: silly message
 58070 | Abyss:3  | Reached skill level 15 in Long Blades
 58070 | Abyss:3  | Reached skill level 15 in Maces & Flails
 58070 | Abyss:3  | Reached skill level 15 in Polearms
 58070 | Abyss:3  | Reached skill level 15 in Staves
 58070 | Abyss:3  | Reached skill level 15 in Slings
 58070 | Abyss:3  | Reached skill level 15 in Bows
 58070 | Abyss:3  | Reached skill level 15 in Crossbows
 58070 | Abyss:3  | Reached skill level 15 in Throwing
 58070 | Abyss:3  | Reached skill level 15 in Dodging
 58070 | Abyss:3  | Reached skill level 15 in Stealth
 58070 | Abyss:3  | Reached skill level 15 in Unarmed Combat
 58070 | Abyss:3  | Reached skill level 15 in Spellcasting
 58070 | Abyss:3  | Reached skill level 15 in Evocations
 58137 | Abyss:3  | Found a corrupted altar of Lugonu.
 58141 | Abyss:3  | XOM: divination: magic mapping
 58155 | Abyss:3  | XOM: confuse monster(s)
 58157 | Abyss:3  | Reached XP level 24. HP: 108/210 MP: 28/46
 58165 | Abyss:3  | Got an abyssal rune of Zot
 58251 | Abyss:3  | Found a corrupted altar of Lugonu.
 58252 | Abyss:3  | XOM: blink monster(s)
 58312 | Elf:3    | Escaped the Abyss
 58616 | Elf:3    | XOM: silly message
 58761 | Elf:3    | XOM: enchant monster (bad)
 58793 | Elf:3    | Identified the +5 quarterstaff "Bidod" {flame, Will+}
 58793 | Elf:3    | Identified the +2 robe of Ducazxan {Str+4}
 58796 | Elf:3    | Identified the +6 glaive of True Grit {flame, Will+}
 58796 | Elf:3    | Identified the ring "Racifim" {Str+3 Slay+4}
 58941 | Elf:3    | Got Wewucuam's Handbook of Spatial Venom
 58950 | Elf:3    | Identified the +0 plate armour of Honour {rElec rN+ Str+2}
 58951 | Elf:3    | Identified the ring "Owka" {rCorr Str+6}
 58954 | Elf:3    | Got the Collected Works on the Creative Rocks
 58956 | Elf:3    | Identified the +5 hunting sling "Beastbane" {freeze, Fly
                  | rF+ Int-3}
 58958 | Elf:3    | Identified the +6 glaive of Ambiguity {protect, rPois Int-4
                  | Dex+2}
 58959 | Elf:3    | Identified the ring of Sucyry {rC+ rN+ Str+3 Dex+3}
 58993 | Elf:3    | XOM: summons 7 hostile demons
 59120 | Elf:3    | XOM: silly message
 59181 | Elf:3    | XOM: confuse monster(s)
 59306 | Elf:1    | XOM: silly message
 59491 | Depths:1 | Entered Level 1 of the Depths
 59491 | Depths:1 | Found Apidank's One-of-a-Kind Books.
 59506 | Depths:1 | Noticed a caustic shrike
 59507 | Depths:1 | Noticed a caustic shrike
 59516 | Depths:1 | Killed a caustic shrike
 59517 | Depths:1 | Noticed a caustic shrike
 59527 | Depths:1 | Killed a caustic shrike
 59538 | Depths:1 | XOM: god gift: wand of charming (6)
 59551 | Depths:1 | Killed a caustic shrike
 59557 | Depths:1 | XOM: summons 2 hostile shadow creatures
 59576 | Depths:1 | Reached skill level 20 in Axes
 59603 | Depths:1 | Found Timneet's Antique Weapon Shoppe.
 59603 | Depths:1 | XOM: 2-stop teleportation journey
 59609 | Depths:1 | XOM: enchant monster (bad)
 59612 | Depths:1 | XOM: polymorph ice dragon -> spark wasp
 59614 | Depths:1 | XOM: cast spell 'Monstrous Menagerie'
 59643 | Depths:1 | XOM: confusion (+ monsters)
 60010 | Depths:1 | Found a stormy altar of Qazlal.
 60057 | Depths:1 | Found a gateway to a ziggurat.
 60461 | Depths:1 | Found a gateway to Hell.
 60463 | Depths:1 | XOM: enchant monster (bad)
 60708 | Depths:2 | XOM: divine lightning
 60732 | Depths:2 | XOM: summons 7 friendly demons
 60810 | Depths:2 | XOM: silly message
 60830 | Depths:2 | XOM: noise
 61089 | Depths:1 | XOM: silly message
 61214 | Depths:2 | XOM: scenery: create altars
 61390 | Depths:2 | Found Gozag's Assorted Antiques.
 61390 | Depths:2 | Found Gozag's Antique Weapon Shoppe.
 61390 | Depths:2 | Found Gozag's Assorted Antiques.
 61390 | Depths:2 | XOM: 6-stop teleportation journey
 61573 | Depths:2 | XOM: summons friendly shadow imp
 61593 | Depths:2 | Found an opulent altar of Gozag.
 61614 | Depths:2 | XOM: smoke on damage
 61634 | Depths:2 | XOM: enchant monster (good)
 61636 | Depths:2 | XOM: fog
 61731 | Depths:2 | XOM: fake destruction
 61733 | Depths:2 | XOM: summons 2 friendly demons
 61734 | Depths:2 | XOM: noise
 61735 | Depths:2 | XOM: divination: detect creatures
 61785 | Depths:2 | XOM: silly message
 62237 | Depths:2 | You fall into a shaft and drop 2 floors!
 62267 | Depths:4 | XOM: divination: detect items
 62312 | Depths:4 | XOM: summons 5 friendly demons
 62413 | Depths:3 | XOM: blink monster(s)
 62422 | Depths:3 | XOM: silly message
 62483 | Depths:3 | Reached XP level 25. HP: 213/218 MP: 45/46
 62567 | Depths:3 | XOM: potion effect (might)
 62578 | Depths:3 | XOM: fog
 62702 | Depths:3 | XOM: summons 13 friendly demons
 62739 | Depths:3 | XOM: fake destruction
 62748 | Depths:3 | XOM: cleaving
 62752 | Depths:3 | XOM: summons friendly crimson imp
 62754 | Depths:3 | XOM: noise
 62761 | Depths:3 | XOM: chaos upgrade
 62806 | Depths:3 | XOM: enchant monster (good)
 63040 | Depths:3 | Noticed the Enchantress
 63042 | Depths:3 | XOM: enchant monster (good)
 63049 | Depths:3 | Killed the Enchantress
 63113 | Depths:3 | XOM: noise
 63140 | Depths:3 | Noticed a dread lich
 63163 | Depths:3 | Killed a dread lich
 63183 | Depths:3 | Identified the +2 plate armour "Esuall" {Str+3}
 63189 | Depths:3 | XOM: confuse monster(s)
 63191 | Depths:3 | XOM: cast spell 'Summon Hydra'
 63205 | Depths:3 | Reached skill level 21 in Axes
 63470 | Depths:3 | Noticed Aizul
 63470 | Depths:3 | XOM: 1-stop teleportation journey
 63486 | Depths:3 | Killed Aizul
 63531 | Depths:3 | XOM: cloud trail
 63587 | Depths:3 | XOM: cast spell 'Summon Hydra'
 63592 | Depths:3 | XOM: polymorph four-headed hydra -> ghost moth
 63682 | Depths:3 | XOM: enchant monster (bad)
 63699 | Depths:3 | XOM: 1-stop teleportation journey
 63961 | Depths:3 | XOM: give mutations
 63961 | Depths:3 | Lost mutation: You have sharp fingernails. [Xom's mischief]
 63961 | Depths:3 | Lost mutation: You are robust. (+10% HP) [Xom's mischief]
 64101 | Depths:3 | XOM: cast spell 'Cause Fear'
 64135 | Depths:3 | XOM: torment (145/201 hp)
 64311 | Depths:3 | Found a one-way gate leading to the halls of Pandemonium.
 64829 | Depths:4 | XOM: enchant monster (bad)
 64831 | Depths:4 | XOM: 3-stop teleportation journey
 65150 | Depths:4 | Found a one-way gate to the infinite horrors of the Abyss.
 65313 | Depths:4 | Noticed a juggernaut
 65332 | Depths:4 | Killed a juggernaut
 65333 | Depths:4 | Reached XP level 26. HP: 152/208 MP: 32/47
 65485 | Depths:4 | Noticed a juggernaut
 65493 | Depths:4 | XOM: blink monster(s)
 65498 | Depths:4 | XOM: summons friendly crimson imp
 65505 | Depths:4 | Killed a juggernaut
 65787 | Depths:4 | XOM: enchant monster (good)
 65807 | Depths:4 | XOM: summons 1 hostile demon
 65861 | Depths:4 | XOM: summons 3 hostile shadow creatures
 65862 | Depths:4 | Noticed a juggernaut
 65942 | Depths:4 | Found Jufoz's Book Emporium.
 65943 | Depths:4 | Found Efiattu's Jewellery Boutique.
 65945 | Depths:4 | Found Gajaorri's Book Emporium.
 65955 | Depths:4 | Bought a manual of Long Blades for 1440 gold pieces
 65955 | Depths:4 | Bought a book of Armaments for 648 gold pieces
 65964 | Depths:4 | Learned a level 8 spell: Lehudib's Crystal Spear
 65967 | Depths:4 | XOM: summons 14 hostile demons
 66010 | Depths:4 | XOM: summons 5 hostile demons
 66095 | Depths:5 | Entered Level 5 of the Depths
 66096 | Depths:5 | Found Jomuiza's General Store.
 66102 | Depths:5 | XOM: summons 12 friendly demons
 66105 | Depths:5 | XOM: stat loss: -1 Int (14/15)
 66116 | Depths:5 | XOM: 1-stop teleportation journey
 66131 | Depths:5 | XOM: noise
 66146 | Depths:5 | XOM: 1-stop teleportation journey
 66153 | Depths:5 | XOM: enchant monster (bad)
 66170 | Depths:5 | XOM: polymorph golden dragon -> something unseen
 66178 | Depths:5 | XOM: summons friendly quasit
 66197 | Depths:4 | Learned a level 7 spell: Spellforged Servitor
 66315 | Depths:5 | XOM: noise
 66321 | Depths:5 | XOM: cleaving
 66408 | Depths:5 | XOM: divination: detect items
 66429 | Depths:5 | XOM: 1-stop teleportation journey
 66785 | Depths:5 | Bought a scroll of teleportation for 48 gold pieces
 66840 | Depths:5 | XOM: confuse monster(s)
 67152 | Depths:5 | Found a gate to the Realm of Zot.
 67289 | Depths:5 | XOM: blink monster(s)
 67290 | Depths:5 | XOM: silly message
 67536 | Depths:5 | XOM: silly message
 67538 | Depths:5 | XOM: blink monster(s)
 67545 | Depths:5 | XOM: swap monsters
 67799 | Depths:5 | XOM: cast spell 'Alistair's Intoxication'
 67803 | Depths:5 | XOM: destruction
 67953 | Zot:1    | Entered Level 1 of the Realm of Zot
 68186 | Vaults:1 | Bought a potion of haste for 460 gold pieces
 68186 | Vaults:1 | Bought a scroll of magic mapping for 161 gold pieces
 68186 | Vaults:1 | Bought a scroll of teleportation for 138 gold pieces
 68224 | Vaults:1 | XOM: give mutations
 68224 | Vaults:1 | Lost mutation: You are somewhat resistant to further
                  | mutation. [Xom's mischief]
 68224 | Vaults:1 | Gained mutation: You sometimes lose the ability to read
                  | scrolls when taking damage. [Xom's mischief]
 68224 | Vaults:1 | Lost mutation: You sometimes lose the ability to read
                  | scrolls when taking damage. [Xom's mischief]
 68439 | Zot:1    | XOM: cleaving
 68442 | Depths:5 | XOM: fog
 68650 | Depths:5 | XOM: give mutations
 68650 | Depths:5 | Gained mutation: Armour fits poorly on your strangely
                  | shaped body. [Xom's mischief]
 68650 | Depths:5 | Gained mutation: You have sharp toenails. [Xom's mischief]
 68678 | Zot:1    | XOM: repel stairs
 68680 | Zot:1    | XOM: confuse monster(s)
 68689 | Zot:1    | XOM: noise
 68808 | Zot:1    | XOM: summons 2 friendly demons
 68835 | Zot:1    | XOM: polymorph moth of wrath -> harpy
 69155 | Zot:1    | XOM: enchant monster (bad)
 69501 | Zot:1    | XOM: 4-stop teleportation journey
 69634 | Zot:1    | Identified the +7 great sword "Qear" {elec, rElec Will-
                  | Int+2}
 69797 | Zot:1    | XOM: blink monster(s)
 69799 | Zot:1    | XOM: enchant monster (bad)
 69840 | Zot:1    | XOM: noise
 70164 | Zot:2    | XOM: summons 3 friendly demons
 70193 | Zot:2    | Reached skill level 22 in Axes
 70231 | Zot:2    | XOM: confuse monster(s)
 70238 | Zot:2    | XOM: enchant monster (bad)
 70649 | Zot:2    | XOM: summons friendly quasit
 70652 | Zot:2    | XOM: stat loss: -1 Dex (13/14)
 70708 | Zot:2    | XOM: enchant monster (bad)
 70709 | Zot:2    | Reached XP level 27. HP: 194/216 MP: 44/48
 70728 | Zot:2    | XOM: give mutations
 70728 | Zot:2    | Gained mutation: You are frail. (-10% HP) [Xom's mischief]
 70728 | Zot:2    | Gained mutation: Your body sometimes deteriorates upon
                  | taking damage. [Xom's mischief]
 70728 | Zot:2    | Gained mutation: Your body often deteriorates upon taking
                  | damage. [Xom's mischief]
 70728 | Zot:2    | Gained mutation: You are clumsy. (Dex -2) [Xom's mischief]
 70743 | Zot:2    | XOM: enchant monster (bad)
 70916 | Zot:2    | XOM: chaos upgrade
 70919 | Zot:2    | XOM: 1-stop teleportation journey
 70937 | Zot:2    | XOM: polymorph red draconian -> red draconian
 71158 | Zot:2    | XOM: give mutations
 71158 | Zot:2    | Gained mutation: You tend to lose your temper in combat.
                  | [Xom's mischief]
 71158 | Zot:2    | Lost mutation: You tend to lose your temper in combat.
                  | [Xom's mischief]
 71158 | Zot:2    | Lost mutation: You are frail. (-10% HP) [Xom's mischief]
 71158 | Zot:2    | Lost mutation: You are clumsy. (Dex -2) [Xom's mischief]
 71306 | Zot:2    | XOM: swap monsters
 71428 | Zot:2    | XOM: silly message
 71439 | Zot:2    | XOM: confuse monster(s)
 71456 | Zot:2    | XOM: silly message
 71501 | Zot:2    | XOM: cloud trail
 71679 | Zot:2    | XOM: noise
 71790 | Zot:2    | XOM: divination: detect creatures
 71890 | Zot:2    | XOM: noise
 71893 | Zot:2    | XOM: divination: detect creatures
 72103 | Zot:2    | XOM: divination: detect items
 72318 | Zot:2    | XOM: silly message
 72690 | Zot:3    | XOM: cast spell 'Shadow Creatures'
 72772 | Zot:3    | XOM: cast spell 'Summon Ice Beast'
 72778 | Zot:3    | XOM: cast spell 'Statue Form'
 72780 | Zot:3    | XOM: confuse monster(s)
 72785 | Zot:3    | XOM: enchant monster (bad)
 72788 | Zot:3    | XOM: cast spell 'Cause Fear'
 73061 | Zot:3    | XOM: summons friendly crimson imp
 73063 | Zot:3    | XOM: confuse monster(s)
 73064 | Zot:3    | XOM: cast spell 'Shadow Creatures'
 73110 | Zot:3    | XOM: summons friendly shadow imp
 73123 | Zot:3    | XOM: summons friendly ufetubus
 73130 | Zot:3    | XOM: scenery: summon butterflies
 73131 | Zot:3    | XOM: potion effect (curing)
 73142 | Zot:2    | XOM: divination: detect items
 73153 | Zot:2    | XOM: noise
 73589 | Zot:3    | XOM: cast spell 'Shadow Creatures'
 73745 | Zot:2    | XOM: noise
 73954 | Zot:3    | XOM: scenery: summon butterflies
 73962 | Zot:3    | XOM: polymorph butterfly -> shapeshifter
 73969 | Zot:3    | Reached skill level 15 in Conjurations
 73969 | Zot:3    | Reached skill level 15 in Hexes
 73969 | Zot:3    | Reached skill level 15 in Summonings
 73969 | Zot:3    | Reached skill level 15 in Necromancy
 73969 | Zot:3    | Reached skill level 15 in Translocations
 73969 | Zot:3    | Reached skill level 15 in Transmutations
 73969 | Zot:3    | Reached skill level 15 in Fire Magic
 73969 | Zot:3    | Reached skill level 15 in Ice Magic
 73969 | Zot:3    | Reached skill level 15 in Air Magic
 73969 | Zot:3    | Reached skill level 15 in Earth Magic
 73969 | Zot:3    | Reached skill level 15 in Poison Magic
 74348 | Zot:3    | XOM: silly message
 74663 | Zot:4    | Found a runed translucent gate.
 74664 | Zot:4    | Found a runed translucent gate.
 74666 | Zot:4    | Found a runed translucent gate.
 74669 | Zot:4    | Noticed Juzit's ghost (legendary GnFi)
 74770 | Zot:4    | XOM: give mutations
 74770 | Zot:4    | Gained mutation: You are partially covered in iridescent
                  | scales. (AC +2) [Xom's mischief]
 74770 | Zot:4    | Gained mutation: You have a somewhat thin skeletal
                  | structure. (Dex +2, Stealth+) [Xom's mischief]
 74899 | Zot:4    | XOM: summons 14 hostile demons
 75069 | Zot:4    | XOM: swap monsters
 75253 | Zot:4    | XOM: give mutations
 75253 | Zot:4    | Lost mutation: You are dopey. (Int -2) [Xom's mischief]
 75253 | Zot:4    | Lost mutation: Your body often deteriorates upon taking
                  | damage. [Xom's mischief]
 75253 | Zot:4    | Lost mutation: Your body sometimes deteriorates upon taking
                  | damage. [Xom's mischief]
 75652 | Zot:5    | XOM: noise
 75652 | Zot:5    | Entered Level 5 of the Realm of Zot
 75660 | Zot:5    | XOM: divination: detect creatures
 75828 | Zot:5    | XOM: confusion
 75834 | Zot:5    | XOM: cleaving
 75848 | Zot:5    | Reached skill level 23 in Axes
 75866 | Zot:5    | XOM: summons 1 hostile demon
 76174 | Zot:5    | Noticed an ancient lich
 76175 | Zot:5    | Noticed an orb of fire
 76177 | Zot:5    | XOM: scenery: create altars
 76178 | Zot:5    | HP: 2/219 [ancient lich/crystal spear (66)]
 76352 | Zot:4    | XOM: scenery: 1 doors open
 76360 | Zot:4    | XOM: god gift: staff of cold
 76540 | Zot:2    | XOM: give mutations
 76540 | Zot:2    | Gained mutation: You are agile. (Dex +2) [Xom's grace]
 76540 | Zot:2    | Gained mutation: Your muscles are strong. (Str +2) [Xom's
                  | grace]
 76540 | Zot:2    | Gained mutation: You evolve. [Xom's grace]
 76540 | Zot:2    | Gained mutation: You are robust. (+10% HP) [Xom's grace]
 76550 | Zot:2    | XOM: summons 4 hostile shadow creatures
 76686 | Depths:1 | XOM: summons 2 hostile shadow creatures
 77430 | Zot:5    | Killed an orb of fire
 77434 | Zot:5    | XOM: noise
 77441 | Zot:5    | Killed an ancient lich
 77471 | Zot:5    | Gained mutation: You rapidly evolve. [evolution]
 77476 | Zot:5    | Learned a level 2 spell: Blink
 77478 | Zot:5    | XOM: scenery: summon butterflies
 77484 | Zot:5    | XOM: fake destruction
 77486 | Zot:5    | XOM: blink monster(s)
 77838 | Zot:5    | Noticed an ancient lich
 77844 | Zot:5    | XOM: swap monsters
 77848 | Zot:5    | XOM: divination: magic mapping
 77859 | Zot:5    | Killed an ancient lich
 77867 | Zot:5    | XOM: noise
 77880 | Zot:5    | XOM: polymorph black draconian -> ice dragon
 77895 | Zot:5    | Noticed a dread lich
 77897 | Zot:5    | Noticed an orb of fire
 77903 | Zot:5    | XOM: blink monster(s)
 77910 | Zot:5    | Gained mutation: Your body sometimes deteriorates upon
                  | taking damage. [an orb of fire]
 77911 | Zot:5    | Lost mutation: You are agile. (Dex +2) [an orb of fire]
 77911 | Zot:5    | Gained mutation: You are occasionally teleported next to
                  | monsters. [an orb of fire]
 77918 | Zot:5    | HP: 8/240 [purple draconian/bolt of dispelling energy (15)]
 77920 | Zot:5    | Killed an orb of fire
 77930 | Zot:5    | Killed a dread lich
 78364 | Zot:5    | Noticed a dread lich
 78364 | Zot:5    | Noticed an orb of fire
 78364 | Zot:5    | Noticed a dread lich
 78364 | Zot:5    | Noticed an orb of fire
 78385 | Zot:5    | Got the Orb of Zot
 78413 | Zot:5    | Noticed Esuibbis the pandemonium lord
 78417 | Zot:5    | XOM: scenery: summon butterflies
 78422 | Zot:5    | Noticed Feqamogi the pandemonium lord
 78426 | Zot:5    | HP: 7/240 [deathcap[a curse toe] (9)]
 78429 | Zot:5    | Slain by an Orb Guardian

Illustrated notes

Levels and vault maps discovered:
D:1:      co_arrival_square_in_a_square_in_a_square, layout_basic,
          minmay_pentomino_q4
D:2:      layout_loops_cross
D:3:      minmay_bubble_buster, layout_basic, mainiacjoe_overflow_chevrons,
          trog_butcher_becter, hellmonk_ecumenical_altar_slurped_away,
          minmay_misc_feat_alley
D:4:      layout_cave_pools, grunt_temple_overflow_open, serial_glass,
          glass_columns_b, glass_columns_a, glass_columns_c,
          minmay_strange_pillars, feat_on_display, due_unseen_surprise,
          feat_on_display, uniq_sigmund, uniq_duvessa
D:5:      layout_loops_corners, minmay_misc_feat_plants
D:6:      layout_basic, cheibrodos_ashenzari_chains,
          minmay_temple_entry_statues, chequers_big_river,
          minmay_a_box_with_orc_wizards_in_it
D:7:      layout_rooms, nicolae_overflow_hidden_temple, serial_corexii_hall,
          chequers_hall_statues_corner_a, chequers_hall_statues_corner_a,
          corexii_hall_statues_x, corexii_hall_statues_deadend,
          chequers_hall_statues_corner_a, chequers_hall_statues_y
D:8:      layout_gridville, minmay_manual_mullet
D:9:      layout_basic, serial_shops, nicolae_stop_n_shop_1,
          serial_bayou_lagoon_b
D:10:     layout_basic, elyvilon_altar_3, mainiacjoe_overflow_six_doors_small,
          nicolae_yredelemnul_ghost_church, mainiacjoe_overflow_cross_hatched,
          david_lair_generic, serial_shops, nicolae_shop_crystal
D:11:     layout_basic
D:12:     layout_basic, orc_david_3, kennysheep_orc_sif_temple
D:13:     layout_small_grid, david_vaults_5, hive_lemuel, uniq_josephine
D:14:     layout_roguey, nicolae_wu_jian_immortal_techniques
D:15:     grunt_enter_depths_snipers, layout_layer_cave,
          portal_ice_cave_entry_pillars_2, chequers_arboretum
Lair:1:   layout_long_grid, basic_altar, grunt_megastairs_4,
          infiniplex_staircase_pool_2, serial_bayou_shore_a, uniq_joseph
Lair:2:   layout_loops_ring, swamp_mist, nicolae_quartered_pool_little
Lair:3:   layout_regular_city, enter_volcano_1, grunt_megastairs_2
Lair:4:   layout_cave_pods, nicolae_spider_entry_non_spiders, serial_rivers,
          chequers_serial_rivers_micro_a, chequers_serial_rivers_large_a,
          chequers_serial_rivers_small_b, chequers_serial_rivers_marsh,
          minmay_lair_oklob_chamber, uniq_rupert
Lair:5:   layout_layer_cave
Lair:6:   gammafunk_lair_ancient_temple, layout_layer_cave,
          minmay_slime_entry_oklob_open
Swamp:1:  layout_basic_swamp, nicolae_swamp_godswood
Swamp:2:  layout_falls_marsh, ebering_ghost_xom, nicolae_swamp_trees_clearing
Swamp:3:  layout_basic_swamp, evilmike_swamp_ruin_house_1,
          nicolae_swamp_bean_lake
Swamp:4:  swamp, layout_basic_swamp
Spider:1: layout_spider_delve, drop_trap, uniq_kirke, uniq_nikola
Spider:2: layout_spider_delve, uniq_louise
Spider:3: layout_spider_delve, nicolae_spider_orb_run, uniq_asterion
Spider:4: grunt_spider_rune_circles, special_room [special_room_bee],
          hangedman_stitches_earthworm
Orc:1:    layout_diamond_mine
Orc:2:    st_orc_congregation, layout_diamond_mine, basic_altar, uniq_azrael,
          uniq_snorg, uniq_nessos
Elf:1:    layout_rooms, minmay_elf_annihilation, serial_sigils_hangedman_etch,
          uniq_roxanne
Elf:2:    nicolae_elf_blades_splatter_lattice
          [nicolae_blade_entry_crossed_weapons], layout_loops_cross,
          mu_enter_wizlab_6, portal_desolation_entry_twin_temple,
          minmay_checkered_concentric_circles
Elf:3:    elf_hall, layout_onion_city, minmay_shoptagon
Vaults:1: hangedman_vaults_cutoff, vaults_mumra_chevron_long,
          nicolae_vaults_little_squares_1, hangedman_vaults_slice,
          vaults_standard_mumra_enter_the_diamond, hangedman_vaults_restitches,
          ontoclasm_vaults_gateway, ontoclasm_vaults_loading_screen,
          nicolae_vaults_network_s, v_rooms_1, vaults_room_hangedman_quadrants,
          grunt_vaults_diagonal, v_misc_25, nicolae_vaults_asterisk,
          layout_vaults_maze, serial_shops, nicolae_shop_overgrown_old_shop,
          nicolae_shop_crystal, uniq_donald
Vaults:2: st_eye, grunt_vaults_hallway_long, nicolae_vaults_border_crossing,
          vaults_room_stairs_pillars, hangedman_vaults_cutoff,
          vaults_room_fours, layout_vaults_omnigrid, serial_shops, shop,
          uniq_jory
Vaults:3: v_alt_pattern_6, minmay_crypt_entry_simple_corners, v_misc_10,
          vaults_room_pools, ontoclasm_vaults_decontamination, v_misc_19,
          v_pattern_5, v_misc_30, nicolae_vaults_sealed_display,
          nicolae_vaults_triangles, vaults_room_hallway, vaults_room_grid,
          layout_vaults_omnicross, uniq_margery
Vaults:4: hangedman_vaults_nails, v_misc_3, ontoclasm_vaults_chip, v_pattern_1,
          nicolae_vaults_little_squares_3, hangedman_vaults_nails,
          nicolae_vaults_windows_and_doors_thing, nicolae_vaults_circle_grid_b,
          st_lattice, layout_vaults_big_room, enter_trove_1
Vaults:5: serial_shops
Depths:1: layout_basic, enter_ziggurat_e, roderic_serpentine_path,
          grunt_hell_entry_dis_mu, serial_shops, shop, nicolae_rare_books,
          nicolae_qazlal_eye_of_the_storm
Depths:2: kennysheep_gozag_temple, layout_cave_pools, pan_entry, hell_entry,
          fiery_altar_vehumet, nicolae_abyss_entry_one_way_or_another
Depths:3: grunt_runaround [grunt_runaround_doors_1, grunt_runaround_doors_2,
          grunt_runaround_doors_3, grunt_runaround_doors_4,
          grunt_runaround_loot], serial_shops, pan_entry, hell_entry,
          uniq_aizul, uniq_enchantress
Depths:4: minmay_textured_paths, layout_cave_shapes, kennysheep_pointless_box,
          abyss_entry_crystal, hell_entry, columned_hall_lemuel,
          minmay_staircase_windowed_large, minmay_shop_grove
Depths:5: evilmike_zot_entry_diamond, layout_twisted_cross, serial_shops, shop,
          grunt_decor_clamped, rand_demon_pan_entry_3, hell_entry
Zot:1:    layout_misc_corridors
Zot:2:    lemuel_halls_of_wrath, layout_gridlike
Zot:3:    layout_misc_corridors
Zot:4:    layout_gridlike, gammafunk_ghost_split
Zot:5:    layout_misc_corridors

Skill      XL: |  1  2  3  4  5  6  7  8  9 10 11 12 13 14 15 16 17 18 19 20 21 22 23 24 25 26 27 |
---------------+----------------------------------------------------------------------------------+-----
Invocations    | 1 2 3 4 5 6 7 8 9 10 11 12 13 14 15 16 17 18 19 | 19.2
Long Blades    | 1 2 3 4 5 6 7 8 9 10 11 12 13 14 15 16 17 19 | 19.3
Axes           | 1 2 3 4 6 8 9 11 12 13 14 15 16 17 18 19 20 21 22 23 | 23.4
Maces & Flails | 1 2 3 4 5 6 7 8 9 10 11 12 13 14 15 16 17 | 17.9
Polearms       | 1 2 3 4 5 6 7 8 9 10 11 12 13 14 15 16 17 | 17.9
Staves         | 1 2 3 4 5 6 7 8 9 10 11 12 13 14 15 16 17 | 17.9
Slings         | 1 2 3 4 5 6 7 8 9 10 11 12 13 14 15 16 17 | 17.9
Bows           | 1 2 3 4 5 6 7 8 9 10 11 12 13 14 15 16 17 | 17.9
Crossbows      | 1 2 3 4 5 6 7 8 9 10 11 12 13 14 15 16 17 | 17.9
Throwing       | 1 2 3 4 5 6 7 8 9 10 11 12 13 14 15 16 17 | 17.9
Dodging        | 1 2 3 4 5 6 7 8 9 10 11 12 13 14 15 16 17 | 17.9
Stealth        | 1 2 3 4 5 6 7 8 9 10 11 12 13 14 15 16 17 | 17.9
Unarmed Combat | 1 2 3 4 5 6 7 8 9 10 11 12 13 14 15 16 17 | 17.9
Spellcasting   | 1 2 3 4 5 6 7 8 9 10 11 12 13 14 15 16 17 | 17.9
Evocations     | 1 2 3 4 5 6 7 8 9 10 11 12 13 14 15 16 17 | 17.9
Conjurations   | 1 2 3 4 5 6 7 8 9 10 11 12 13 14 15 | 15.4
Hexes          | 1 2 3 4 5 6 7 8 9 10 11 12 13 14 15 | 15.4
Summonings     | 1 2 3 4 5 6 7 8 9 10 11 12 13 14 15 | 15.4
Necromancy     | 1 2 3 4 5 6 7 8 9 10 11 12 13 14 15 | 15.4
Translocations | 1 2 3 4 5 6 7 8 9 10 11 12 13 14 15 | 15.4
Transmutations | 1 2 3 4 5 6 7 8 9 10 11 12 13 14 15 | 15.4
Fire Magic     | 1 2 3 4 5 6 7 8 9 10 11 12 13 14 15 | 15.4
Ice Magic      | 1 2 3 4 5 6 7 8 9 10 11 12 13 14 15 | 15.4
Air Magic      | 1 2 3 4 5 6 7 8 9 10 11 12 13 14 15 | 15.4
Earth Magic    | 1 2 3 4 5 6 7 8 9 10 11 12 13 14 15 | 15.4
Poison Magic   | 1 2 3 4 5 6 7 8 9 10 11 12 13 14 15 | 15.4
Short Blades   | 5 6 7 8 9 10 11 12 13 14 15 16 17 18 | 18.3
Fighting       | 7 8 9 10 11 12 13 14 15 16 17 18 | 18.7
Armour         | 7 8 9 10 11 12 13 14 15 16 17 18 | 18.7
Shields        | 7 8 9 10 11 12 13 14 15 16 17 18 | 18.7

Action                   |  1- 3 |  4- 6 |  7- 9 | 10-12 | 13-15 | 16-18 | 19-21 | 22-24 | 25-27 || total
-------------------------+-------+-------+-------+-------+-------+-------+-------+-------+-------++-------
Melee: Rapier            |   102 |       |       |       |       |       |       |       |       ||   102
       Bite              |     7 |    12 |    26 |    97 |   186 |   227 |   239 |   178 |   384 ||  1356
       Short sword       |    17 |   187 |   276 |   385 |     2 |       |       |       |       ||   867
       Kick              |       |     4 |    70 |    80 |       |       |       |       |     1 ||   155
       Scimitar          |       |       |       |   271 |  1088 |  1177 |   850 |       |       ||  3386
       Falchion          |       |       |       |       |    11 |   100 |    58 |       |       ||   169
       Demon blade       |       |       |       |       |       |       |   335 |   983 |  1964 ||  3282
Throw: Boomerang         |       |       |       |       |       |    12 |       |     9 |     1 ||    22
 Cast: Mephitic Cloud    |       |       |       |    12 |       |       |       |       |       ||    12
       Tukima's Dance    |       |       |       |       |     2 |     3 |       |     1 |       ||     6
       Swiftness         |       |       |       |       |     1 |     4 |     1 |       |     2 ||     8
       Irradiate         |       |       |       |       |       |    22 |    19 |    13 |    24 ||    78
       Summon Lightning  |       |       |       |       |       |       |     1 |     2 |       ||     3
       Silence           |       |       |       |       |       |       |     1 |       |       ||     1
       Lee's Rapid Decon |       |       |       |       |       |       |       |     6 |     2 ||     8
       Statue Form       |       |       |       |       |       |       |       |     1 |       ||     1
       Invisibility      |       |       |       |       |       |       |       |       |     9 ||     9
       Spellforged Servi |       |       |       |       |       |       |       |       |     2 ||     2
       Blink             |       |       |       |       |       |       |       |       |    15 ||    15
Evoke: Wand              |       |       |     3 |    15 |     7 |    47 |     4 |     3 |     8 ||    87
       Phantom mirror    |       |       |       |       |     2 |     3 |     2 |       |       ||     7
       Tin of tremorston |       |       |       |       |     2 |     6 |     8 |     3 |     4 ||    23
       Phial of floods   |       |       |       |       |       |       |     2 |       |       ||     2
       Lightning rod     |       |       |       |       |       |       |       |     4 |       ||     4
       Condenser vane    |       |       |       |       |       |       |       |     3 |     6 ||     9
       Box of beasts     |       |       |       |       |       |       |       |       |     1 ||     1
  Use: Scroll            |       |       |     6 |    16 |     9 |     9 |    14 |     2 |     8 ||    64
       Potion            |       |       |     5 |       |     1 |    14 |     8 |     2 |    16 ||    46
 Stab: Petrified         |       |       |     4 |     2 |       |       |       |       |     6 ||    12
       Confused          |       |       |     3 |     5 |     5 |     4 |     7 |     1 |     4 ||    29
       Paralysed         |       |       |       |     3 |     2 |     2 |       |       |     2 ||     9
       Invisible         |       |       |       |     6 |     3 |       |       |       |    50 ||    59
       Sleeping          |       |       |       |     1 |    16 |     3 |     7 |    20 |    29 ||    76
       Distracted        |       |       |       |     1 |     2 |     7 |     5 |     4 |     6 ||    25
       Held in net/web   |       |       |       |       |       |     1 |       |       |       ||     1
       Petrifying        |       |       |       |       |       |       |       |       |     1 ||     1
Armor: Scale mail        |    60 |    64 |   175 |   289 |   583 |   108 |       |       |       ||  1279
       Skin              |       |       |       |     3 |       |       |       |       |     9 ||    12
       Chain mail        |       |       |       |       |       |  1109 |   439 |       |       ||  1548
       Quicksilver drago |       |       |       |       |       |       |   100 |   241 |   593 ||   934
Dodge: Dodged            |    39 |    60 |   122 |   305 |   628 |   882 |   501 |   345 |   879 ||  3761
Block: Kite shield       |    75 |   101 |   161 |   136 |       |       |   884 |   646 |  1503 ||  3506
       Buckler           |       |       |       |   195 |   527 |   887 |    98 |       |       ||  1707
       Reflection        |       |       |       |       |       |       |    48 |    50 |    21 ||   119
       Rpst.: Scimitar   |       |       |       |    47 |   156 |   140 |    60 |       |       ||   403
       Falchion          |       |       |       |       |     1 |    10 |     3 |       |       ||    14
       Demon blade       |       |       |       |       |       |       |    17 |    57 |   121 ||   195
